 Dungeon Crawl Stone Soup version 0.30-a0-1114-gd936c97349 (webtiles) character file.

Game seed: 12545234494101291416

667552 GigaChad the Human Barricade (level 27, 71/144 HPs) *EXPLORE*
             Began as a Human Fighter on Apr 19, 2023.
             Was the Champion of Okawaru.
             Quit the game on level 22 of a ziggurat on Apr 20, 2023.
             The game lasted 03:12:38 (63079 turns).

GigaChad the Human Barricade (Human Fighter)       Turns: 63079, Time: 03:12:39

Health: 71/144     AC: 51    Str: -2 (41) XL:     27
Magic:  23/23      EV:  2    Int: -15 (12)God:    Okawaru [******]
Gold:   11141      SH:  0    Dex: -12 (28)Spells: 38/38 levels left

rFire   x x x      SeeInvis .    F - +5 war axe of the Magi {freeze, Str+4 Stlth+}
rCold   x x x      Faith    .    u - +5 Storm Queen's Shield {shock, Fly rElec}
rNeg    . . .      Spirit   .    B - +13 crystal plate armour
rPois   +          Reflect  .    N - +2 helmet of Sunlight {Dex+3}
rElec   +          Rampage  .    q - +0 cloak of Dumyet {rPois Str+4 Dex+4}
rCorr   +          Rnd*Tele +    j - +1 pair of gloves of the Loofah {*Corrode Will+++ Dex+4}
Will    ++++.      Harm     + .  c - +1 pair of boots "Qitezur" {Harm Dex+4} Stlth Rage 9%
                                 W - amulet "Zewotan" {Fragile Regen+ rCorr Dex+3}
HPRegen 0.00/turn                l - ring of Eternal Harmony {rElec Str+3 Int+6}
MPRegen 0.18/turn                x - ring "Xichoos" {Fly rPois Will- Str+6 Stlth+}

@: on berserk cooldown, flying, inhibited regen, slowed, lost strength, lost
intelligence, lost dexterity, studying 7 skills, unable to read, unable to
drink, very slow
A: iridescent scales 1, berserk 2, clumsy 2, deformed body, deterioration 2,
dopey 2, frail 3, low MP 3, screaming 2, inhibited regeneration, teleportitis 2,
weak 2, no potion heal 2, cold vulnerability 3, heat vulnerability 3, subdued
magic 3, inability to drink after injury 2, inability to read after injury 2,
devolution 2
}: 4/15 runes: serpentine, barnacled, silver, golden
a: Renounce Religion, Heroism, Finesse, Duel


You were on level 22 of a ziggurat.
You worshipped Okawaru.
Okawaru was exalted by your worship.
You visited 10 branches of the dungeon, and saw 45 of its levels.
You visited 1 ziggurat, and saw 22 of its levels.
You also visited: Trove and Gauntlet.

You collected 12127 gold pieces.
You spent 986 gold pieces at shops.

Inventory:

Hand Weapons
 a - a +9 war axe of flaming
 b - the +2 war axe "Hommiv" {flame, Str+3}
   (You found it on level 3 of the Crypt)

   Str:       It affects your strength (+3).
 p - a +3 quarterstaff of chaos
 s - the +5 halberd "Muokhoil" {freeze, Contam rElec rN+ Dex+2}
   (You found it on level 5 of the Lair of Beasts)

   Dex:       It affects your dexterity (+2).
   rElec:     It insulates you from electricity.
   rN:        It protects you from negative energy.
   Contam:    It causes magical contamination when unequipped.
 D - the +10 long sword "Emniyd" {drain, rPois Str+2 Dex+3}
   (You found it on level 3 of the Tomb of the Ancients)

   Str:       It affects your strength (+2).
   Dex:       It affects your dexterity (+3).
   rPois:     It protects you from poison.
 E - the +1 morningstar "Weguirr" {freeze, Fly Will++ rCorr}
   (You took it off a wizard on level 3 of the Depths)

   Fly:       It grants you flight.
   rCorr:     It protects you from acid and corrosion.
   Will:      It greatly increases your willpower.
 F - the +5 war axe of the Magi (weapon) {freeze, Str+4 Stlth+}
   (Okawaru gifted it to you on level 1 of the Tomb of the Ancients)

   Str:       It affects your strength (+4).
   Stlth:     It makes you more stealthy.
 G - the +1 spear of Okawaru's Delight {protect, *Rage rCorr Str+5 Int+3}
   (Okawaru gifted it to you on level 2 of the Vaults)

   Str:       It affects your strength (+5).
   Int:       It affects your intelligence (+3).
   *Rage:     It berserks you when you make melee attacks (+20% chance).
   rCorr:     It protects you from acid and corrosion.
 I - the +5 broad axe of Awkwardness {flame, Int+4}
   (Okawaru gifted it to you on level 4 of the Vaults)

   Int:       It affects your intelligence (+4).
 L - the +5 trident "Hulewak" {antimagic, rPois}
   (Okawaru gifted it to you on level 1 of the Vaults)

   rPois:     It protects you from poison.
 M - a +8 demon whip of freezing
 O - the +1 executioner's axe "Beetleslayer" {heavy, rN+ Dex+3 Stlth+}
   (Okawaru gifted it to you on level 11 of the Dungeon)

   Dex:       It affects your dexterity (+3).
   rN:        It protects you from negative energy.
   Stlth:     It makes you more stealthy.
 Q - a +9 demon trident of venom
 T - the +1 trident "Hepseune" {elec, *Noise Fly Str+3 Dex+7}
   (You took it off a minotaur in a Gauntlet)

   Str:       It affects your strength (+3).
   Dex:       It affects your dexterity (+7).
   Fly:       It grants you flight.
   *Noise:    It may make noises in combat.
 Y - a +9 spectral demon blade
Armour
 c - the +1 pair of boots "Qitezur" (worn) {Harm Dex+4}
   (You acquired it on level 3 of the Snake Pit)

   Dex:       It affects your dexterity (+4).
   Harm:      It increases damage dealt and taken.
 i - +0 ice dragon scales
 j - the +1 pair of gloves of the Loofah (worn) {*Corrode Will+++ Dex+4}
   (Okawaru gifted it to you on level 3 of the Vaults)

   Dex:       It affects your dexterity (+4).
   *Corrode:  It may corrode you when you take damage.
   Will:      It greatly increases your willpower.
 m - +0 fire dragon scales
 n - the +2 swamp dragon scales of Uwuen {rPois Slay+2}
   (You found it on level 17 of a ziggurat)

   Slay:      It affects your accuracy & damage with ranged weapons and melee
   (+2).
   rPois:     It protects you from poison.
 q - the +0 cloak of Dumyet (worn) {rPois Str+4 Dex+4}
   (You found it on level 3 of the Vaults)

   Str:       It affects your strength (+4).
   Dex:       It affects your dexterity (+4).
   rPois:     It protects you from poison.
 u - the +5 Storm Queen's Shield (worn) {shock, Fly rElec}
   (You acquired it on level 8 of the Dungeon)

   Shock:     When it blocks an attack, it may electrocute the attacker.
   This works even against foes who are a short distance away.
   rElec:     It insulates you from electricity.
   Fly:       It grants you flight.
 w - a +1 tower shield of protection
 A - +0 gold dragon scales
 B - a +13 crystal plate armour (worn)
 H - +0 shadow dragon scales
 N - the +2 helmet of Sunlight (worn) {Dex+3}
   (Okawaru gifted it to you on level 2 of the Vaults)

   Dex:       It affects your dexterity (+3).
 Z - the +3 warlock's mirror {omnireflect}
   (You found it on level 3 of the Crypt)

   Omnireflect: It can block and reflect piercing ranged attacks and magical
   attacks against the wielder's willpower.
Jewellery
 e - the ring of the Stag {rC+ Dex+2}
   (You found it on level 20 of a ziggurat)

   [ring of protection from cold]

   Dex:       It affects your dexterity (+2).
   rC:        It protects you from cold.
 h - the amulet of Altruism {Spirit rPois rN+ Slay+5}
   (You found it on level 20 of a ziggurat)

   [amulet of guardian spirit]

   It causes incoming damage to be divided between your reserves of health and
   magic.
   Slay:      It affects your accuracy & damage with ranged weapons and melee
   (+5).
   rPois:     It protects you from poison.
   rN:        It protects you from negative energy.
 k - the amulet "Kehor" {RegenMP Str+5 Int-4 Dex+5}
   (You found it on level 9 of a ziggurat)

   [amulet of magic regeneration]

   It increases your rate of magic regeneration.
   Str:       It affects your strength (+5).
   Int:       It affects your intelligence (-4).
   Dex:       It affects your dexterity (+5).
 l - the ring of Eternal Harmony (left hand) {rElec Str+3 Int+6}
   (You found it on level 4 of the Shoals)

   [ring of intelligence]

   Str:       It affects your strength (+3).
   Int:       It affects your intelligence (+6).
   rElec:     It insulates you from electricity.
 r - a ring of fire
 x - the ring "Xichoos" (right hand) {Fly rPois Will- Str+6 Stlth+}
   (You found it on level 2 of the Depths)

   [ring of flight]

   Str:       It affects your strength (+6).
   rPois:     It protects you from poison.
   Fly:       It grants you flight.
   Will:      It decreases your willpower.
   Stlth:     It makes you more stealthy.
 S - the ring of the Hare {EV+10}
   (You found it on level 15 of a ziggurat)

   [ring of evasion]

   EV:        It affects your evasion (+10).
 U - the amulet "Ontev" {Reflect MP+9 Str-3 SH+5 Stlth+}
   (You found it on level 20 of a ziggurat)

   [amulet of reflection]

   It reflects blocked missile attacks.
   Str:       It affects your strength (-3).
   MP:        It affects your magic capacity (+9).
   SH:        It affects your SH (+5).
   Stlth:     It makes you more stealthy.
 W - the amulet "Zewotan" (around neck) {Fragile Regen+ rCorr Dex+3}
   (You acquired it on level 6 of a ziggurat)

   [amulet of regeneration]

   Dex:       It affects your dexterity (+3).
   Regen:     It increases your rate of health regeneration.
   rCorr:     It protects you from acid and corrosion.
   Fragile:   It will be destroyed if unequipped.
Wands
 v - a wand of flame (226) (quivered)
 y - a wand of quicksilver (43)
Scrolls
 f - 23 scrolls of teleportation
 g - 7 scrolls of magic mapping
 t - 47 scrolls of identify
 C - 16 scrolls of blinking
Potions
 d - 11 potions of might
 o - 22 potions of curing
 z - 13 potions of heal wounds
 V - 3 potions of resistance
Miscellaneous
 J - a figurine of a ziggurat
 K - a phantom mirror
 P - a piece from Xom's chessboard (13/15)
 R - a lightning rod (4/4)
 X - a phial of floods


   Skills:
 - Level 15.1 Fighting
 - Level 7.0 Long Blades
 - Level 20.6(24.3) Axes
 - Level 21.8(26.4) Polearms
 - Level 15.6(20.6) Staves
 - Level 26.5 Armour
 - Level 9.3 Dodging
 O Level 27 Shields
 * Level 6.3 Spellcasting
 * Level 9.9 Conjurations
 * Level 10.1 Hexes
 * Level 9.9 Necromancy
 * Level 9.9 Poison Magic
 - Level 14.1 Invocations


You had 38 spell levels left.
You didn't know any spells.
Your spell library contained the following spells:

 Spells                   Type           Power      Damage    Failure   Level
 Apportation              Tloc           0%         N/A       100%        1
 Freeze                   Ice            0%         1d3       100%        1
 Kiss of Death            Conj/Necr      0%         2d5       100%        1
 Magic Dart               Conj           0%         1d3       100%        1
 Necrotise                Necr           0%         1d4       100%        1
 Shock                    Conj/Air       0%         1d3       100%        1
 Slow                     Hex            0%         N/A       100%        1
 Sting                    Tmut/Pois      0%         1d3       100%        1
 Cigotuvi's Dreadful Rot  Necr/Pois/Air  0%         N/A       100%        2
 Ensorcelled Hibernation  Hex/Ice        0%         N/A       100%        2
 Lesser Beckoning         Tloc           0%         N/A       100%        2
 Passwall                 Tmut/Erth      0%         N/A       100%        2
 Poisonous Vapours        Pois/Air       0%         N/A       100%        2
 Searing Ray              Conj           0%         2d4       100%        2
 Confusing Touch          Hex            0%         N/A       100%        3
 Dazzling Flash           Conj/Hex       0%         N/A       100%        3
 Frozen Ramparts          Ice            0%         1d1       100%        3
 Gell's Gravitas          Tloc           0%         N/A       100%        3
 Hailstorm                Conj/Ice       0%         3d3       100%        3
 Ignite Poison            Fire/Tmut/Pois 0%         N/A       100%        3
 Inner Flame              Hex/Fire       0%         N/A       100%        3
 Mephitic Cloud           Conj/Pois/Air  0%         N/A       100%        3
 Portal Projectile        Hex/Tloc       0%         N/A       100%        3
 Stone Arrow              Conj/Erth      0%         3d7       100%        3
 Swiftness                Air            0%         N/A       100%        3
 Teleport Other           Tloc           0%         N/A       100%        3
 Vampiric Draining        Necr           0%         2d6       100%        3
 Vhi's Electric Charge    Tloc/Air       0%         N/A       100%        3
 Airstrike                Air            0%         2d(0-16)  100%        4
 Dispel Undead            Necr           0%         3d6       100%        4
 Flame Wave               Conj/Fire      0%         2d4       100%        4
 Fulminant Prism          Conj/Hex       0%         3d5       100%        4
 Ice Form                 Ice/Tmut       0%         N/A       100%        4
 Leda's Liquefaction      Hex/Erth       0%         N/A       100%        4
 Manifold Assault         Tloc           0%         N/A       100%        4
 Olgreb's Toxic Radiance  Pois           0%         N/A       100%        4
 Passage of Golubria      Tloc           0%         N/A       100%        4
 Petrify                  Tmut/Erth      0%         N/A       100%        4
 Sticky Flame             Conj/Fire      0%         2d3       100%        4
 Agony                    Necr           0%         N/A       100%        5
 Alistair's Intoxication  Tmut/Pois      0%         N/A       100%        5
 Arcjolt                  Conj/Air       0%         1d10      100%        5
 Blade Hands              Tmut           0%         N/A       100%        5
 Borgnjor's Vile Clutch   Necr/Erth      0%         N/A       100%        5
 Fireball                 Conj/Fire      0%         3d3       100%        5
 Freezing Cloud           Conj/Ice/Air   0%         6-21      100%        5
 Iskenderun's Battlesphe  Conj           0%         2d6       100%        5
 Lee's Rapid Deconstruct  Erth           0%         3d4*      100%        5
 Metabolic Englaciation   Hex/Ice        0%         N/A       100%        5
 Silence                  Hex/Air        0%         N/A       100%        5
 Yara's Violent Unravell  Hex/Tmut       0%         3d3       100%        5
 Conjure Ball Lightning   Conj/Air       0%         3x3d6     100%        6
 Dispersal                Tloc           0%         N/A       100%        6
 Eringya's Noxious Bog    Tmut/Pois      0%         N/A       100%        6
 Iron Shot                Conj/Erth      0%         9d1       100%        6
 Plasma Beam              Fire/Air       0%         2x1d11    100%        6
 Statue Form              Tmut/Erth      0%         N/A       100%        6
 Enfeeble                 Hex            0%         N/A       100%        7
 Orb of Destruction       Conj           0%         9d5       100%        7
 Ozocubu's Refrigeration  Ice            0%         4d7       100%        7
 Storm Form               Tmut/Air       0%         N/A       100%        7
 Borgnjor's Revivificati  Necr           0%         N/A       100%        8
 Discord                  Hex            0%         N/A       100%        8
 Disjunction              Tloc           0%         N/A       100%        8
 Ignition                 Fire           0%         3d3       100%        8
 Lehudib's Crystal Spear  Conj/Erth      0%         10d2      100%        8
 Maxwell's Capacitive Co  Air            0%         ∞         100%        8
 Necromutation            Tmut/Necr      0%         N/A       100%        8
 Chain Lightning          Conj/Air       0%         N/A       100%        9
 Death's Door             Necr           0%         N/A       100%        9
 Fire Storm               Conj/Fire      0%         5d1       100%        9
 Polar Vortex             Ice            0%         N/A       100%        9
 Shatter                  Erth           0%         3d5*      100%        9
 Summon Small Mammal      Summ           Unusable   N/A       N/A         1
 Tukima's Dance           Hex            Unusable   N/A       N/A         3
 Animate Armour           Summ/Erth      Unusable   N/A       N/A         4
 Animate Dead             Necr           Unusable   N/A       N/A         4
 Summon Ice Beast         Ice/Summ       Unusable   N/A       N/A         4
 Summon Forest            Summ/Tloc      Unusable   N/A       N/A         5
 Death Channel            Necr           Unusable   N/A       N/A         6
 Simulacrum               Ice/Necr       Unusable   N/A       N/A         6
 Haunt                    Necr/Summ      Unusable   N/A       N/A         7
 Summon Hydra             Summ           Unusable   N/A       N/A         7

Dungeon Overview and Level Annotations

Branches:
Dungeon (15/15)            Temple (1/1) D:5            Lair (5/5) D:11
 Shoals (4/4) Lair:3        Snake (4/4) Lair:3        Slime (0/5) Lair:4
    Orc (2/2) D:12            Elf (0/3) Orc:2        Vaults (5/5) D:14
  Crypt (3/3) Vaults:3       Tomb (3/3) Crypt:3      Depths (3/4) D:15
Gauntlet (visited)

Altars:
Ashenzari
Cheibriados
Dithmenos
Elyvilon
Fedhas
Gozag
Hepliaklqana
Kikubaaqudgha
Makhleb
Nemelex Xobeh
Okawaru
Qazlal
Ru
Sif Muna
Trog
Uskayaw
Vehumet
Wu Jian
Xom
Yredelemnul
Zin
The Shining One
Jiyva

Shops:
D:3 *?   D:6 :   Orc:1 ?   Orc:2 (!=?   Shoals:1 *   Snake:3 [   Snake:4 (=(
Vaults:3 (:!?*   Vaults:4 *

Portals:
Hell: Depths:1 Depths:2 Depths:3
Abyss: Depths:2 Depths:3
Pandemonium: Orc:2 Depths:2 Depths:3

Annotations:
Depths:1 3 runed translucent doors


Innate Abilities, Weirdness & Mutations

You are partially covered in iridescent scales. (AC +2)
You have an uncontrollable temper.
You are very clumsy. (Dex -4)
Armour fits poorly on your strangely shaped body.
Your body often deteriorates upon taking damage.
You are very dopey. (Int -4)
You are extremely frail. (-30% HP)
Your magical capacity is extremely low. (-30% MP)
You frequently scream uncontrollably at your foes.
You do not regenerate when monsters are visible.
You are often teleported next to monsters.
You are very weak. (Str -4)
Potions cannot restore your health.
You are extremely vulnerable to cold. (rC---)
You are extremely vulnerable to heat. (rF---)
Your spells are much easier to cast, but much less powerful.
You sometimes lose the ability to drink potions when taking damage.
You sometimes lose the ability to read scrolls when taking damage.
You have terrible hidden genetic defects.


Message History

* * * LOW HITPOINT WARNING * * *
Your body deteriorates!
You feel weakened.
The orb of fire glows yellow.
Strange energies course through your body.
You feel frail.
You can move again.
Unknown command.
Unknown command.
Unknown command.
Unknown command.
Unknown command.
Aiming: Quicksilver Bolt
Press: ? - help, Shift-Dir - straight line, f - orb of fire, p - orb of fire
Aim: an orb of fire (lightly damaged, 38% to hit)
The bolt of dispelling energy misses the orb of fire.
The bolt of dispelling energy hits the orb of fire but does no damage.
The orb of fire is moderately damaged.
You are no longer corroded.
The orb of fire glows deep purple.
The bolt of fire hits you!!!! The fire burns you terribly!
Ouch! That really hurt!
Die?
Thought so.
The orb of fire glows red.
The fireball explodes!
The fireball engulfs you!!!! The fire burns you terribly!
Ouch! That really hurt!
Die?
Thought so.
The fireball engulfs the orb of fire.
The orb of fire completely resists.
The fireball engulfs the orb of fire.
The orb of fire completely resists.
The fireball engulfs the orb of fire.
The orb of fire completely resists.
The fireball engulfs the balrug.
The balrug completely resists.
The fireball engulfs the orb of fire.
The orb of fire completely resists.
The orb of fire emits a lurid red light.
The bolt of fire hits the orb of fire.
The orb of fire completely resists.
The bolt of fire hits you!!! The fire burns you terribly!
Ouch! That really hurt!
Your body deteriorates!
You feel clumsy.
Are you sure you want to abandon this character and quit the game? (Confirm with "yes".)

.........................▓
.........................▓
......))†................▓
......))................∩▓
......)(.................▓
.......†)................▓
......)))................▓
...........**............▓
...........@*2...........▓
...........**............▓
▓.............▓▓▓▓▓▓▓▓▓▓▓▓
▓.............▓
▓.............▓
..........▓ ..........▓
▓▓▓▓▓▓▓▓▓▓▓


You could see 5 orbs of fire and a balrug.

Vanquished Creatures
  Khufu (Crypt:2)
  7 dread liches
  A juggernaut (Depths:3)
  2 orbs of fire (Zig:22)
  5 ancient liches
  32 royal mummies
  3 shard shrikes (Zig:17)
  Vashnia (Snake:3)
  Margery (Vaults:4)
  A curse toe (Crypt:3)
  4 caustic shrikes
  8 golden dragons
  A pandemonium lord (Zig:10)
  3 profane servitors
  Nikola (Vaults:2)
  2 bone dragons
  the Enchantress (Depths:2)
  3 doom hounds (Crypt:3)
  2 iron giants (Zig:11)
  2 Brimstone Fiends
  A hellephant (Zig:15)
  Zenata (Crypt:3)
  Jorgrun (Snake:2)
  3 Hell Sentinels
  12 liches
  Asterion (Vaults:1)
  2 walking divine tomes (Depths:3)
  3 tentacled monstrosities
  Grunn (Crypt:3)
  Mlioglotl (Snake:3)
  4 Ice Fiends
  6 quicksilver dragons
  10 titans
  4 searing wretches (Zig:15)
  An acid blob (Zig:20)
  19 ancient champions
  13 sphinxes
  Frances (Snake:2)
  A kraken (Shoals:3)
  4 tentacled starspawn
  13 tengu reavers
  3 Executioners
  10 shadow dragons
  3 storm dragons
  4 draconian knights
  Donald (Vaults:4)
  A demonspawn warmonger (Zig:10)
  9 revenants
  3 draconian monks
  25 nagarajas
  An emperor scorpion (Zig:4)
  A quicksilver elemental (Zig:20)
  A nargun (Zig:5)
  An iron dragon (Depths:3)
  16 vault wardens
  A draconian scorcher (Zig:6)
  16 frost giants
  13 fire giants
  Aizul (Snake:1)
  6 curse skulls
  4 spectral caustic shrikes (Depths:1)
  17 balrugs
  10 ghouls
  A draconian stormcaller (Zig:13)
  A cacodemon (Zig:20)
  20 ironbound preservers
  19 stone giants
  2 draconian shifters (Zig:13)
  A juggernaut skeleton (Crypt:3)
  A demonspawn corrupter (Zig:10)
  3 spriggan defenders (Depths:2)
  2 reapers
  3 draconian annihilators
  2 war gargoyles
  28 very ugly things
  3 ironbound thunderhulks
  6 vampire knights
  A lorocyproca (Zig:10)
  2 black draconians (Zig:13)
  2 green draconians
  A deep elf demonologist (Vaults:5)
  An eleionoma (Zig:16)
  An eleionoma (shapeshifter) (Depths:3)
  3 yellow draconians
  4 white draconians
  4 minotaurs
  6 bennus
  2 bunyips (Zig:16)
  A red draconian (Zig:13)
  7 dire elephants
  2 deep elf annihilators (Vaults:5)
  5 spark wasps
  2 purple draconians (Zig:13)
  6 deep elf death magi
  10 eidola
  20 mummy priests
  15 ettins
  5 green deaths
  Snorg (Orc:1)
  4 crystal guardians
  8 jiangshi
  11 merfolk impalers
  3 deep elf high priests
  The ghost of jasper the Grappler, a journeyman TrCA of Jiyva (D:10)
  A fire dragon (shapeshifter) (Vaults:2)
  3 blizzard demons
  A merfolk javelineer (Shoals:4)
  8 fire dragons
  Josephine (Lair:5)
  A spriggan zombie (Crypt:1)
  Fannar (D:10)
  4 shambling mangroves
  14 yaktaur captains
  28 vault guards
  10 hydras
  4 entropy weavers
  3 great orbs of eyes
  A quicksilver dragon skeleton (Crypt:3)
  A rakshasa (Depths:2)
  27 salamander tyrants
  2 great orbs of eyes (shapeshifter)
  6 ice dragons
  Harold (D:9)
  3 demonspawn (Orc:2)
  11 ironbound frosthearts
  2 peacekeepers
  3 spriggan skeletons
  2 ghost crabs
  3 death knights
  An alligator snapping turtle (Shoals:4)
  6 boulder beetles
  16 centaur warriors
  3 ogre magi (Vaults:5)
  12 anacondas
  A spriggan air mage (Depths:2)
  Erica (Orc:1)
  2 dancing weapons (D:14)
  8 death yaks
  3 alligators
  5 merfolk avatars
  20 satyrs
  8 two-headed ogres
  An Orb Guardian skeleton (Crypt:3)
  2 merfolk aquamancers (Shoals:4)
  A hell hog (Zig:15)
  6 tengu warriors
  17 naga warriors
  36 death scarabs
  2 deep troll shamans
  A bennu skeleton (Crypt:2)
  6 orc high priests (Orc:2)
  5 deep troll earth magi
  18 shock serpents
  10 vampire magi
  24 naga sharpshooters
  2 spriggan berserkers
  5 thrashing horrors
  Amaemon (D:9)
  15 hell knights
  6 salamander mystics
  A storm dragon zombie (Crypt:2)
  3 shadow wraiths
  7 wretched stars
  7 fire crabs (Zig:22)
  2 titan skeletons (Depths:1)
  A fire crab (shapeshifter) (D:13)
  41 skeletal warriors
  3 goliath frogs
  4 skysharks
  A pharaoh ant (Zig:4)
  5 spatial maelstroms
  13 sea snakes
  A bunyip zombie (Crypt:3)
  49 deep trolls
  6 flayed ghosts
  A sea snake (shapeshifter) (Zig:18)
  7 naga ritualists
  12 swamp dragons
  2 anaconda zombies
  4 spriggan druids
  2 death drakes (Zig:16)
  4 glowing orange brains
  3 bunyip skeletons
  25 ironbound convokers
  9 wizards
  2 golden dragon skeletons
  3 bog bodies (Crypt:2)
  A tengu zombie (Depths:2)
  10 large abominations
  13 necromancers
  A sphinx zombie (Depths:2)
  22 harpies
  A wolf spider zombie (D:8)
  12 lindwurms
  12 phantasmal warriors
  3 deep elf pyromancers (D:14)
  2 anaconda skeletons
  6 orc knights
  A mana viper (shapeshifter) (Zig:18)
  A wolf spider (shapeshifter) (Vaults:5)
  6 orc sorcerers
  29 fauns
  2 cyclopes
  2 worldbinders (Zig:20)
  An iron dragon zombie (Depths:2)
  19 salamanders
  A wolf spider (D:15)
  2 manticores (shapeshifter)
  39 ugly things
  3 will-o-the-wisps
  19 manticores
  11 mana vipers
  A moth of wrath (Gauntlet)
  11 guardian serpents
  A shock serpent zombie (Crypt:3)
  3 dire elephant zombies
  A rust devil (Depths:3)
  An elephant (shapeshifter) (Depths:3)
  17 elephants
  22 naga magi
  12 centaur zombies
  63 black mambas
  An apocalypse crab (Zig:20)
  5 merfolk sirens
  An orange demon (D:9)
  A gargoyle (Zig:11)
  An eye of devastation (shapeshifter) (Vaults:5)
  5 water nymphs
  A stone giant skeleton (Crypt:1)
  18 vault sentinels
  A torpor snail (Lair:2)
  4 smoke demons
  25 cane toads
  A titan simulacrum (Tomb:3)
  Psyche (D:9)
  9 komodo dragons
  49 yaktaurs
  A naga skeleton (Crypt:1)
  6 rime drakes
  2 tormentors
  A tengu conjurer (D:14)
  6 ice devils (Zig:17)
  5 freezing wraiths
  13 efreet (Zig:22)
  A death yak skeleton (Crypt:1)
  38 guardian mummies
  4 trolls
  A queen bee (shapeshifter) (Zig:18)
  2 shadow dragon simulacra
  3 tyrant leeches
  7 ancient zymes
  A merfolk (shapeshifter) (Zig:18)
  A meliai (Zig:4)
  A harpy zombie (Tomb:1)
  3 polar bears
  Grinder (D:4)
  A sphinx simulacrum (Zig:5)
  4 wind drakes
  8 hellwings
  A harpy skeleton (Crypt:1)
  4 hornets
  An iron dragon simulacrum (Zig:17)
  A tarantella (Zig:4)
  26 merfolk
  9 snapping turtles
  A boulder beetle zombie (Crypt:2)
  A raiju (Zig:20)
  25 blink frogs
  A moth of wrath zombie (Crypt:1)
  4 dream sheep (Lair:2)
  A frost giant simulacrum (Depths:2)
  An ettin zombie (Vaults:3)
  A guardian serpent skeleton (Crypt:2)
  A snapping turtle (shapeshifter) (Zig:8)
  3 meliai zombies
  35 flying skulls
  32 slime creatures
  A black mamba zombie (Crypt:1)
  Sigmund (D:6)
  A culicivora (Vaults:3)
  7 shadows
  A wind drake zombie (Crypt:2)
  A culicivora (shapeshifter) (Vaults:5)
  24 ushabtiu
  A hog (shapeshifter) (D:13)
  12 wraiths
  A naga simulacrum (Crypt:2)
  29 water elementals
  6 fire elementals (Zig:22)
  55 yaks
  A dire elephant simulacrum (Crypt:1)
  5 spriggans (Depths:2)
  3 wyverns
  4 ynoxinuls
  A slime creature (shapeshifter) (Zig:18)
  6 vampires
  A tyrant leech zombie (Crypt:2)
  A fire bat (shapeshifter) (Depths:2)
  55 starcursed masses
  A golden eye (Zig:12)
  5 basilisks
  3 redbacks
  5 vampire mosquitoes (Lair:5)
  A neqoxec (Zig:20)
  A human (shapeshifter) (D:15)
  A human simulacrum (Vaults:3)
  2 chaos spawn (Orc:2)
  5 wargs
  40 nagas
  2 harpy simulacra
  A swamp worm (shapeshifter) (Zig:18)
  A water nymph zombie (Crypt:1)
  2 glowing shapeshifter zombies
  5 acid dragons
  13 water moccasins
  An entropy weaver zombie (Vaults:3)
  A floating eye (Depths:2)
  Duvessa (D:7)
  13 hell hounds
  2 swamp drakes
  32 orc warriors
  An elephant zombie (Crypt:3)
  7 ice beasts
  2 black bears
  A snapping turtle zombie (Crypt:1)
  A sky beast (D:7)
  12 wolves
  4 ogres
  A snapping turtle skeleton (Crypt:3)
  14 centaurs
  3 phantoms
  3 kobold brigands
  Blork the orc (D:4)
  13 bullfrogs
  A gnoll sergeant (D:10)
  A glowing shapeshifter simulacrum (Vaults:4)
  A scorpion (D:5)
  2 komodo dragon skeletons (Crypt:3)
  8 necrophages
  An earth elemental (Zig:11)
  15 wights
  A yak zombie (Crypt:1)
  Dowan (D:7)
  15 killer bees
  7 electric eels
  2 howler monkeys
  A human zombie (D:8)
  A lava snake (Snake:2)
  29 orc priests
  A hound (D:5)
  2 jellies
  A gnoll bouda (D:8)
  Crazy Yiuf (D:2)
  3 iguanas
  18 orc wizards
  A sleepcap (D:6)
  A boggart skeleton (D:8)
  A killer bee zombie (D:8)
  An ice beast zombie (Crypt:3)
  A tengu skeleton (Crypt:3)
  53 mummies
  6 adders
  5 gnolls (D:8)
  9 shadow imps
  An ufetubus (D:5)
  A worm (D:2)
  A dart slug (D:3)
  68 orcs
  8 ball pythons
  7 endoplasms
  A giant cockroach (D:1)
  8 goblins
  8 hobgoblins
  4 jackals
  23 kobolds
  2 quokkas
  A river rat zombie (Crypt:3)
  A bat (D:1)
  7 frilled lizards
  7 rats
  A rat skeleton (Crypt:2)
  A river rat skeleton (Crypt:2)
  4 fire vortices (Zig:15)
  2 spectral weapons
  10 starspawn tentacles
  2 tentacles (Shoals:3)
2661 creatures vanquished.

Vanquished Creatures (others)
  2 royal mummies (Tomb:3)
  A shard shrike (Zig:17)
  2 hellephants (Zig:15)
  A tentacled monstrosity (Zig:16)
  An eldritch tentacle (Tomb:3)
  2 frost giants
  3 fire giants (Zig:22)
  A reaper (Zig:14)
  A draconian annihilator (Zig:13)
  2 war gargoyles (Zig:11)
  5 fire dragons (Zig:22)
  An ogre mage (Vaults:5)
  An ironbound frostheart (Vaults:2)
  A naga warrior (Snake:3)
  A stoker (Zig:15)
  A spriggan druid (Zig:16)
  A swamp dragon (Zig:16)
  2 wizards
  A harpy (Shoals:4)
  A large abomination (Zig:20)
  A worldbinder (Zig:20)
  A naga mage (Zig:21)
  A gargoyle (Zig:11)
  A yaktaur (Vaults:3)
  2 guardian mummies (Tomb:3)
  A hornet (Zig:16)
  2 nagas (Zig:19)
  A glowing shapeshifter skeleton (Depths:1)
  An orc warrior (Vaults:5)
  A starcursed mass (Zig:20)
  A white imp (Gauntlet)
  11 foxfires
  34 fungi
  227 plants
  22 spectral weapons
  9 starspawn tentacles
  6 tentacles (Shoals:3)
  6 withered plants
359 creatures vanquished.

Grand Total: 3020 creatures vanquished

Notes
Turn   | Place    | Note
-------+----------+-------------------------------------------
     0 | D:1      | GigaChad the Human Fighter began the quest for the Orb.
     0 | D:1      | Reached XP level 1. HP: 18/18 MP: 1/1
    33 | D:1      | Entered explore mode.
   120 | D:1      | Reached XP level 2. HP: 24/24 MP: 2/2
   360 | D:1      | Reached XP level 3. HP: 29/29 MP: 3/3
   844 | D:1      | Found a faded altar of an unknown god.
  1225 | D:2      | Reached XP level 4. HP: 37/37 MP: 4/4
  1753 | D:2      | Found a runed translucent door.
  1754 | D:2      | Noticed Crazy Yiuf
  1879 | D:2      | Killed Crazy Yiuf
  2016 | D:3      | Reached XP level 5. HP: 42/42 MP: 5/5
  2036 | D:3      | Found Rubbogut's Magic Scroll Boutique.
  2167 | D:3      | Found Zin's Purification Station.
  2170 | D:3      | Found a glowing silver altar of Zin.
  2359 | D:3      | Got the Monograph on Electric Hail
  2592 | D:3      | Identified the +0 leather armour of Cuemogrirgh {+Inv
                  | Str+4}
  2649 | D:4      | Noticed Grinder
  2655 | D:4      | Paralysed by Grinder for 4 turns
  2660 | D:4      | HP: 2/42 [something (1)]
  2665 | D:4      | Killed by nerve-wracking pain
                  | ... invoked by Grinder
                  | (6 damage)
  2671 | D:4      | HP: 1/42 [something (3)]
  2674 | D:4      | Killed by divine providence
                  | ... invoked by an orc priest
                  | (15 damage)
  2697 | D:4      | Killed by nerve-wracking pain
                  | ... invoked by Grinder
                  | (7 damage)
  2717 | D:4      | Reached XP level 6. HP: 44/48 MP: 6/6
  2720 | D:4      | Killed Grinder
  2721 | D:4      | Reached XP level 7. HP: 43/55 MP: 7/7
  2772 | D:4      | Noticed Blork the orc
  2780 | D:4      | Killed Blork the orc
  2781 | D:4      | Reached skill level 5 in Axes
  3360 | D:5      | Entered Level 5 of the Dungeon
  3415 | D:5      | Reached skill level 4 in Shields
  3418 | D:5      | Killed by nerve-wracking pain
                  | ... invoked by an orc priest
                  | (10 damage)
  3526 | D:5      | Reached XP level 8. HP: 61/61 MP: 8/8
  3671 | D:5      | Found a staircase to the Ecumenical Temple.
  3796 | Temple   | Entered the Ecumenical Temple
  3796 | Temple   | Found a transporter.
  3796 | Temple   | Found a transporter.
  3798 | Temple   | Found a transporter.
  3798 | Temple   | Found a transporter.
  4000 | D:5      | Reached skill level 5 in Armour
  4068 | D:5      | Reached skill level 5 in Fighting
  4499 | D:6      | HP: 3/62 [wight/+0 hand axe (6)]
  4499 | D:6      | HP: 1/60 [wight/+0 hand axe (2)]
  4499 | D:6      | Slain by a wight
                  | ... wielding a +5 flail
                  | (1 damage)
  4679 | D:6      | Reached XP level 9. HP: 51/68 MP: 9/9
  5144 | D:6      | Found a snail-covered altar of Cheibriados.
  5144 | D:6      | Found a hide-covered altar of Uskayaw.
  5161 | D:6      | Found an iron altar of Okawaru.
  5161 | D:6      | Found a shadowy altar of Dithmenos.
  5161 | D:6      | Found a blossoming altar of Fedhas.
  5161 | D:6      | Found a hazy altar of Hepliaklqana.
  5165 | D:6      | Found Veasamp's Self-Improvement Boutique.
  5176 | D:6      | Found an opulent altar of Gozag.
  5176 | D:6      | Found a stormy altar of Qazlal.
  5184 | D:6      | Noticed Sigmund
  5188 | D:6      | Became a worshipper of Warmaster Okawaru
  5197 | D:6      | Killed Sigmund
  5198 | D:6      | Reached skill level 5 in Shields
  5413 | D:7      | Noticed Duvessa
  5413 | D:7      | Noticed Dowan
  5438 | D:7      | Killed Duvessa
  5444 | D:7      | Killed Dowan
  6126 | D:7      | Identified the +7 shortbow of Taluapha {drain, rCorr}
  6172 | D:7      | Reached * piety under Okawaru
  6694 | D:8      | Killed by nerve-wracking pain
                  | ... invoked by a shadow imp
                  | (10 damage)
  6698 | D:8      | Noticed a hellwing
  6705 | D:8      | Reached XP level 10. HP: 5/76 MP: 10/10
  6705 | D:8      | HP: 3/76 [centaur warrior zombie (2)]
  6707 | D:8      | Mangled by a wolf spider zombie (14 damage)
  6731 | D:8      | HP: 2/77 [hellwing (2)]
  6731 | D:8      | Mangled by an orc warrior
                  | ... wielding a +0 scimitar of flaming
                  | (11 damage)
  6735 | D:8      | Reached skill level 10 in Axes
  6750 | D:8      | Reached ** piety under Okawaru
  6751 | D:8      | Slain by a hellwing (10 damage)
  6767 | D:8      | Reached skill level 6 in Shields
  7175 | D:8      | Identified a scroll of acquirement
  7175 | D:8      | Acquired the +5 Storm Queen's Shield {shock, Fly rElec}
  7175 | D:8      | Found the +5 Storm Queen's Shield {shock, Fly rElec}
  7316 | D:8      | Found an ancient bone altar of Kikubaaqudgha.
  7334 | D:8      | Reached *** piety under Okawaru
  7371 | D:8      | Reached XP level 11. HP: 82/84 MP: 11/11
  7609 | D:9      | Noticed Psyche
  7615 | D:9      | Killed Psyche
  7774 | D:9      | Reached **** piety under Okawaru
  7783 | D:9      | Reached skill level 7 in Shields
  7936 | D:9      | Noticed Harold
  7968 | D:9      | Killed Harold
  8289 | D:9      | Noticed Amaemon
  8303 | D:9      | Killed Amaemon
  8303 | D:9      | Reached ***** piety under Okawaru
  8735 | D:10     | Entered Level 10 of the Dungeon
  8965 | D:10     | Noticed a two-headed ogre
  8978 | D:10     | Killed a two-headed ogre
  9112 | D:10     | Reached skill level 8 in Shields
  9360 | D:10     | Reached XP level 12. HP: 90/94 MP: 12/12
  9556 | D:10     | Found a runed translucent gate.
  9556 | D:10     | Found a runed translucent gate.
  9557 | D:10     | Found a runed translucent gate.
  9557 | D:10     | Noticed jasper's ghost (journeyman TrCA)
  9651 | D:10     | Noticed Fannar
  9670 | D:10     | HP: 4/94 [Fannar/staff of cold (13)]
  9671 | D:10     | Mangled by Fannar
                  | ... wielding a staff of cold
                  | (17 damage)
  9706 | D:10     | Killed Fannar
  9961 | D:10     | Found a burning altar of Makhleb.
 10192 | D:10     | Mangled by jasper's ghost (26 damage)
 10198 | D:10     | Killed jasper's ghost
 10198 | D:10     | Received a gift from Okawaru
 10261 | D:11     | Found a gate leading to a gauntlet.
 10266 | Gauntlet | Entered a Gauntlet
 10266 | Gauntlet | Found a transporter.
 10279 | Gauntlet | Found a transporter.
 10280 | Gauntlet | Found a transporter.
 10284 | Gauntlet | Found a transporter.
 10288 | Gauntlet | Found a transporter.
 10291 | Gauntlet | Found a transporter.
 10292 | Gauntlet | Found a transporter.
 10408 | Gauntlet | Found a transporter.
 10430 | Gauntlet | Found a transporter.
 10430 | Gauntlet | Found a transporter.
 10437 | Gauntlet | Noticed a reaper
 10439 | Gauntlet | Found a transporter.
 10439 | Gauntlet | Found a transporter.
 10441 | Gauntlet | Found a transporter.
 10445 | Gauntlet | HP: 2/94 [poisoned by a reaper]
 10446 | Gauntlet | Succumbed to a reaper's poison
 10455 | Gauntlet | Demolished by a reaper
                  | ... wielding a +1 scythe of venom
                  | (26 damage)
 10461 | Gauntlet | HP: 1/94 [poisoned by a reaper]
 10462 | Gauntlet | Succumbed to a reaper's poison
 10471 | Gauntlet | HP: 4/94 [poisoned by a reaper]
 10472 | Gauntlet | HP: 1/94 [poisoned by a reaper]
 10472 | Gauntlet | Annihilated by a reaper
                  | ... wielding a +1 scythe of venom
                  | (27 damage)
 10481 | Gauntlet | HP: 4/94 [reaper/+1 scythe of venom (13)]
 10482 | Gauntlet | Succumbed to a reaper's poison
 10489 | Gauntlet | Killed a reaper
 10489 | Gauntlet | HP: 1/94 [poisoned by a reaper]
 10490 | Gauntlet | Succumbed to a reaper's poison
 10495 | Gauntlet | Identified the amulet of Dithmenos, Howling {Regen+ Int+3}
 10512 | Gauntlet | Found a transporter.
 10519 | Gauntlet | Reached skill level 9 in Shields
 10547 | Gauntlet | Identified the +1 trident "Hepseune" {elec, *Noise Fly
                  | Str+3 Dex+7}
 10547 | Gauntlet | Noticed a minotaur
 10563 | Gauntlet | Annihilated by a minotaur
                  | ... wielding the +1 trident "Hepseune" {elec,
                  | *Noise Fly Str+3 Dex+7}
                  | (28 damage)
 10564 | Gauntlet | Killed a minotaur
 10564 | Gauntlet | Reached ****** piety under Okawaru
 10572 | Gauntlet | Got Febriaba's Compendium of Noxious Chilblains
 10652 | D:11     | Reached skill level 10 in Armour
 10670 | D:11     | Identified the +1 executioner's axe "Beetleslayer" {heavy,
                  | rN+ Dex+3 Stlth+} (Okawaru gifted it to you on level 11 of
                  | the Dungeon)
 10670 | D:11     | Received a gift from Okawaru
 10877 | D:11     | Reached XP level 13. HP: 101/101 MP: 13/13
 10968 | D:11     | Found a staircase to the Lair.
 10983 | D:11     | Reached skill level 1 in Dodging
 10990 | Lair:1   | Entered Level 1 of the Lair of Beasts
 11298 | Lair:1   | Identified the +0 ring mail of the Okapi {Dex+3}
 11877 | Lair:2   | Found a frozen archway.
 11891 | Lair:2   | Received a gift from Okawaru
 11898 | Lair:2   | Reached skill level 10 in Shields
 11904 | Lair:2   | HP: 4/102 [wolf (6)]
 12456 | Lair:2   | Received a gift from Okawaru
 12469 | Lair:2   | Reached skill level 10 in Fighting
 13093 | Lair:2   | Reached XP level 14. HP: 61/110 MP: 14/14
 13338 | Lair:3   | Found a staircase to the Snake Pit.
 13344 | Lair:3   | Identified the +0 scale mail of the Dropbear {rPois rN+
                  | Will+} (Okawaru gifted it to you on level 3 of the Lair of
                  | Beasts)
 13344 | Lair:3   | Received a gift from Okawaru
 13483 | Lair:3   | Reached skill level 15 in Axes
 13604 | Lair:3   | Found a staircase to the Shoals.
 14702 | Lair:4   | HP: 5/111 [yak (11)]
 15098 | Lair:4   | Found a viscous altar of Jiyva.
 15098 | Lair:4   | Found a staircase to the Slime Pits.
 15337 | Lair:5   | Entered Level 5 of the Lair of Beasts
 15353 | Lair:5   | Succumbed to a cane toad's poison
 15357 | Lair:5   | HP: 5/111 [death yak (19)]
 15357 | Lair:5   | HP: 1/111 [water moccasin (4)]
 15358 | Lair:5   | Succumbed to a water moccasin's poison
 15362 | Lair:5   | Received a gift from Okawaru
 15482 | Lair:5   | HP: 3/113 [poisoned by a cane toad]
 15482 | Lair:5   | Slain by a cane toad (3 damage)
 15536 | Lair:5   | Reached XP level 15. HP: 84/119 MP: 15/15
 15560 | Lair:5   | HP: 5/119 [blink frog (9)]
 15560 | Lair:5   | Slain by a cane toad (7 damage)
 15609 | Lair:5   | Received a gift from Okawaru
 15616 | Lair:5   | Mangled by a cane toad (16 damage)
 15769 | Lair:5   | Reached skill level 11 in Shields
 15866 | Lair:5   | Identified the +5 halberd "Muokhoil" {freeze, Contam rElec
                  | rN+ Dex+2}
 16041 | Lair:5   | Reached skill level 5 in Dodging
 16063 | Lair:5   | Identified the +4 hand axe "Ponnem" {flame, Int+3}
 16063 | Lair:5   | Noticed Josephine
 16067 | Lair:5   | HP: 3/119 [skyshark (12)]
 16067 | Lair:5   | Slain by a skyshark (8 damage)
 16075 | Lair:5   | HP: 5/120 [wraith[Josephine] (10)]
 16076 | Lair:5   | Killed Josephine
 16078 | Lair:5   | HP: 1/120 [wraith[Josephine] (6)]
 16503 | Lair:5   | Identified the +10 shortbow of Superiority {drain, MP-9
                  | Int+3}
 16909 | Snake:1  | Entered Level 1 of the Snake Pit
 17124 | Snake:1  | Noticed Aizul
 17129 | Snake:1  | Killed from afar by Aizul (24 damage)
                  | ... with a poison arrow
 17133 | Snake:1  | HP: 4/120 [Aizul (5)]
 17134 | Snake:1  | Succumbed to Aizul's poison arrow
 17135 | Snake:1  | Killed Aizul
 17135 | Snake:1  | Identified the +0 ring mail "Maenac" {Harm *Slow rElec
                  | Will+} (Okawaru gifted it to you on level 1 of the Snake
                  | Pit)
 17135 | Snake:1  | Received a gift from Okawaru
 17244 | Snake:1  | Killed from afar by a shock serpent (24 damage)
                  | ... with a bolt of electricity
 17647 | Snake:1  | HP: 5/120 [constriction (3)]
 17647 | Snake:1  | Slain by a naga
                  | ... wielding a +0 trident
                  | (9 damage)
 18067 | Snake:1  | Killed from afar by a shock serpent (22 damage)
                  | ... with a bolt of electricity
 18281 | Snake:2  | HP: 2/120 [naga/+2 mace of protection (6)]
 18281 | Snake:2  | Mangled by a salamander
                  | ... wielding a +3 antimagic trident
                  | (15 damage)
 18288 | Snake:2  | HP: 6/120 [salamander/+0 glaive (4)]
 18288 | Snake:2  | Slain by a salamander
                  | ... wielding a +0 glaive
                  | (9 damage)
 18292 | Snake:2  | Mangled by a naga mage
                  | ... wielding a +0 halberd
                  | (13 damage)
 18300 | Snake:2  | HP: 4/120 [naga mage/+0 whip (3)]
 18300 | Snake:2  | Mangled by a salamander
                  | ... wielding a +0 trident
                  | (10 damage)
 18304 | Snake:2  | Reached XP level 16. HP: 67/127 MP: 2/16
 18324 | Snake:2  | Annihilated by a naga warrior
                  | ... wielding a +0 war axe
                  | (30 damage)
 18335 | Snake:2  | HP: 1/127 [naga warrior/+0 short sword (8)]
 18336 | Snake:2  | Mangled by a naga warrior
                  | ... wielding a +0 war axe
                  | (8 damage)
 18338 | Snake:2  | Constricted to death by a naga warrior (3 damage)
 18352 | Snake:2  | HP: 1/127 [salamander/+0 halberd (7)]
 18352 | Snake:2  | Mangled by a salamander
                  | ... wielding a +0 halberd
                  | (12 damage)
 18556 | Snake:2  | HP: 6/127 [constriction (2)]
 18557 | Snake:2  | HP: 2/127 [anaconda (5)]
 18557 | Snake:2  | Constricted to death by an anaconda (3 damage)
 18563 | Snake:2  | Slain by a shock serpent (13 damage)
 18566 | Snake:2  | Succumbed to a naga mage's bolt of poison
 18568 | Snake:2  | Killed from afar by a shock serpent (24 damage)
                  | ... with a bolt of electricity
 18570 | Snake:2  | Killed from afar by a shock serpent (32 damage)
                  | ... with a bolt of electricity
 18576 | Snake:2  | HP: 6/128 [poisoned by a naga ritualist (toxic radiance)]
 18576 | Snake:2  | HP: 2/128 [naga ritualist/Olgreb's Toxic Radiance (4)]
 18577 | Snake:2  | Succumbed to a naga mage's splash of poison
 18580 | Snake:2  | Succumbed to a naga mage's splash of poison
 18591 | Snake:2  | Slain by a salamander
                  | ... wielding a +0 trident
                  | (10 damage)
 18660 | Snake:2  | Noticed Frances
 18675 | Snake:2  | Killed Frances
 18865 | Snake:2  | Identified the +0 cloak of Defiance {rElec MP+9} (Okawaru
                  | gifted it to you on level 2 of the Snake Pit)
 18865 | Snake:2  | Received a gift from Okawaru
 19141 | Snake:2  | Noticed Jorgrun
 19179 | Snake:2  | Killed Jorgrun
 19687 | Snake:3  | HP: 3/129 [black mamba (11)]
 19687 | Snake:3  | Slain by a naga mage
                  | ... wielding a +0 halberd
                  | (6 damage)
 19690 | Snake:3  | Slain by a shock serpent (6 damage)
 19954 | Snake:3  | Noticed Mlioglotl
 19962 | Snake:3  | HP: 2/129 [Mlioglotl (11)]
 19962 | Snake:3  | Demolished by Mlioglotl (21 damage)
 19964 | Snake:3  | Killed Mlioglotl
 19967 | Snake:3  | HP: 3/129 [poisoned by a naga mage (bolt of poison)]
 19967 | Snake:3  | Slain by a black mamba (3 damage)
 19968 | Snake:3  | Slain by a black mamba (8 damage)
 19970 | Snake:3  | Asphyxiated
 19971 | Snake:3  | Succumbed to a black mamba's poison
 19973 | Snake:3  | Slain by a salamander
                  | ... wielding a +0 glaive
                  | (14 damage)
 19975 | Snake:3  | HP: 4/129 [salamander/+0 glaive (13)]
 19976 | Snake:3  | Succumbed to a naga mage's bolt of poison
 19980 | Snake:3  | Succumbed to naga's concentrated venom
 20062 | Snake:3  | Acquired the +1 pair of boots "Qitezur" {Harm Dex+4}
 20216 | Snake:3  | Slain by a naga
                  | ... wielding a +0 trident
                  | (10 damage)
 20347 | Snake:3  | HP: 4/129 [naga sharpshooter/arrow (3)]
 20348 | Snake:3  | Shot with a bolt by a naga sharpshooter (12 damage)
 20355 | Snake:3  | HP: 5/129 [poisoned by a naga sharpshooter (splash of
                  | poison)]
 20356 | Snake:3  | Reached XP level 17. HP: 6/135 MP: 17/17
 20356 | Snake:3  | Demolished by a naga warrior
                  | ... wielding a +0 glaive
                  | (20 damage)
 20363 | Snake:3  | HP: 5/135 [constriction (2)]
 20365 | Snake:3  | Received a gift from Okawaru
 20368 | Snake:3  | HP: 4/135 [poisoned by a naga warrior (splash of poison)]
 20541 | Snake:3  | Reached skill level 12 in Shields
 20603 | Snake:3  | HP: 5/136 [naga ritualist/Olgreb's Toxic Radiance (4)]
 20604 | Snake:3  | Succumbed to a naga ritualist's toxic radiance
 20678 | Snake:3  | Found Walail's Armour Emporium.
 20912 | Snake:3  | Noticed Vashnia
 20920 | Snake:3  | HP: 6/136 [naga sharpshooter/arrow[Vashnia] (2)]
 20920 | Snake:3  | Shot with an arrow by a naga sharpshooter (15 damage)
                  | ... led by Vashnia
 20925 | Snake:3  | Killed Vashnia
 20925 | Snake:3  | Shot with an arrow by a naga sharpshooter (13 damage)
                  | ... led by Vashnia
 20926 | Snake:3  | Reached skill level 1 in Polearms
 20943 | Snake:3  | HP: 4/136 [naga sharpshooter/arrow[Vashnia] (16)]
 20945 | Snake:3  | Constricted to death by a naga sharpshooter (4 damage)
                  | ... led by Vashnia
 21036 | Snake:3  | Got Xylila's Writings on Meteoric Minerals
 21104 | Snake:4  | Entered Level 4 of the Snake Pit
 21114 | Snake:4  | Received a gift from Okawaru
 21131 | Snake:4  | Slain by a naga sharpshooter
                  | ... wielding a +1 short sword of draining
                  | (14 damage)
 21137 | Snake:4  | Received a gift from Okawaru
 21139 | Snake:4  | HP: 2/137 [poisoned by a black mamba]
 21139 | Snake:4  | Mangled by a guardian serpent (15 damage)
 21151 | Snake:4  | Shot with an arrow by a naga sharpshooter (16 damage)
 21166 | Snake:4  | Shot with an arrow by a naga sharpshooter (18 damage)
 21176 | Snake:4  | Shot with an arrow by a naga sharpshooter (20 damage)
 21288 | Snake:4  | Noticed a quicksilver dragon
 21288 | Snake:4  | Noticed a quicksilver dragon
 21294 | Snake:4  | Killed a quicksilver dragon
 21294 | Snake:4  | Received a gift from Okawaru
 21300 | Snake:4  | Killed a quicksilver dragon
 21472 | Snake:4  | Received a gift from Okawaru
 21491 | Snake:4  | Shot with an arrow by a naga sharpshooter (19 damage)
 21500 | Snake:4  | HP: 5/137 [naga sharpshooter/bolt (27)]
 21501 | Snake:4  | HP: 2/137 [poisoned by a naga sharpshooter (splash of
                  | poison)]
 21501 | Snake:4  | Shot with an arrow by a naga sharpshooter (3 damage)
 21508 | Snake:4  | HP: 2/138 [constriction (7)]
 21509 | Snake:4  | Succumbed to a naga ritualist's toxic radiance
 21530 | Snake:4  | HP: 1/138 [shock serpent/bolt of electricity (22)]
 21531 | Snake:4  | Slain by a shock serpent (8 damage)
 21595 | Snake:4  | HP: 2/138 [naga/+0 trident (7)]
 21595 | Snake:4  | Slain by a naga
                  | ... wielding a +0 halberd
                  | (3 damage)
 21656 | Snake:4  | Slain by a naga warrior
                  | ... wielding a +2 scimitar of holy wrath
                  | (31 damage)
 21767 | Snake:4  | Reached XP level 18. HP: 126/145 MP: 18/18
 21884 | Snake:4  | Found Uheisena's Weapon Emporium.
 21886 | Snake:4  | Found Emnane Cido's Jewellery Shoppe.
 21888 | Snake:4  | Found Wory's Weapon Emporium.
 22079 | Snake:4  | Got a serpentine rune of Zot
 22380 | Shoals:1 | Entered Level 1 of the Shoals
 22408 | Shoals:1 | Reached skill level 15 in Armour
 22501 | Shoals:1 | HP: 2/145 [faun/sling bullet[a satyr] (6)]
 22501 | Shoals:1 | Shot with an arrow by a satyr (9 damage)
 22519 | Shoals:1 | HP: 1/145 [satyr/arrow (14)]
 22520 | Shoals:1 | Shot with an arrow by a satyr (7 damage)
 22686 | Shoals:1 | Found Petsoez's Assorted Antiques.
 22742 | Shoals:1 | Identified the +10 flail "Veshreofi" {freeze, rElec Int+6
                  | Dex+2 SInv} (Okawaru gifted it to you on level 1 of the
                  | Shoals)
 22742 | Shoals:1 | Received a gift from Okawaru
 22775 | Shoals:1 | Slain by a sea snake (10 damage)
 22789 | Shoals:1 | HP: 3/145 [merfolk/+0 trident (16)]
 22791 | Shoals:1 | HP: 1/145 [poisoned by a sea snake]
 23097 | Shoals:2 | Drowned by a drowned soul (15 damage)
                  | ... summoned by a merfolk avatar
 23566 | Shoals:2 | Identified the +10 hand axe "Zitiehuo" {heavy, Dex+2}
                  | (Okawaru gifted it to you on level 2 of the Shoals)
 23566 | Shoals:2 | Received a gift from Okawaru
 23874 | Shoals:2 | HP: 7/146 [satyr/arrow (7)]
 23875 | Shoals:2 | Slain by a harpy (9 damage)
 23889 | Shoals:2 | HP: 3/146 [satyr/arrow (37)]
 23893 | Shoals:2 | Shot with an arrow by a satyr (27 damage)
 24400 | Shoals:3 | Succumbed to a sea snake's poison
 24403 | Shoals:3 | HP: 5/146 [drowned by a drowned soul[a merfolk avatar]
                  | (10)]
 24404 | Shoals:3 | Succumbed to a sea snake's poison
 24417 | Shoals:3 | Slain by a merfolk
                  | ... wielding a +0 halberd
                  | ... led by a merfolk impaler
                  | (14 damage)
 24427 | Shoals:3 | Mangled by a merfolk
                  | ... wielding a +0 spear
                  | ... led by a merfolk impaler
                  | (18 damage)
 24785 | Shoals:3 | Succumbed to a merfolk impaler's poison
 24787 | Shoals:3 | Succumbed to a merfolk impaler's poison
 24790 | Shoals:3 | HP: 6/146 [merfolk impaler/+2 trident of venom (7)]
 24791 | Shoals:3 | Succumbed to a merfolk impaler's poison
 24794 | Shoals:3 | Succumbed to a merfolk impaler's poison
 24796 | Shoals:3 | HP: 5/147 [faun/+0 spear[a satyr] (24)]
 24796 | Shoals:3 | Mangled by a merfolk
                  | ... wielding a +1 heavy trident
                  | (10 damage)
 24800 | Shoals:3 | Succumbed to a merfolk impaler's poison
 24804 | Shoals:3 | Succumbed to a merfolk impaler's poison
 24807 | Shoals:3 | Succumbed to a merfolk impaler's poison
 25353 | Shoals:3 | Noticed a kraken
 25364 | Shoals:3 | Killed a kraken
 25576 | Shoals:4 | Entered Level 4 of the Shoals
 25642 | Shoals:4 | Identified the +0 scale mail of the Wilderness {Int+2
                  | Slay+3} (Okawaru gifted it to you on level 4 of the Shoals)
 25642 | Shoals:4 | Received a gift from Okawaru
 25662 | Shoals:4 | Reached skill level 5 in Polearms
 25662 | Shoals:4 | Reached XP level 19. HP: 42/153 MP: 19/19
 25674 | Shoals:4 | Slain by a snapping turtle (21 damage)
 25741 | Shoals:4 | Shot with an arrow by a satyr (19 damage)
 25758 | Shoals:4 | Shot with an arrow by a satyr (13 damage)
 25763 | Shoals:4 | Reached skill level 13 in Shields
 25932 | Shoals:4 | HP: 2/153 [merfolk/+0 trident (18)]
 25934 | Shoals:4 | Mangled by a merfolk
                  | ... wielding a +0 trident
                  | (8 damage)
 25951 | Shoals:4 | HP: 5/153 [minotaur/javelin (16)]
 25957 | Shoals:4 | HP: 4/153 [minotaur/javelin (6)]
 25963 | Shoals:4 | Slain by a minotaur
                  | ... wielding a staff of cold
                  | (6 damage)
 26143 | Shoals:4 | HP: 4/153 [faun/+0 spear (24)]
 26148 | Shoals:4 | HP: 3/153 [satyr/arrow (6)]
 26153 | Shoals:4 | Shot with an arrow by a satyr (12 damage)
 26271 | Shoals:4 | Identified the +1 ring mail of Daemis {Harm +Blink rC-}
 26324 | Shoals:4 | Shot with an arrow by a satyr (25 damage)
 26347 | Shoals:4 | Shot with an arrow by a satyr (27 damage)
 26355 | Shoals:4 | Paralysed by a sphinx for 4 turns
 26365 | Shoals:4 | Paralysed by a sphinx for 5 turns
 26365 | Shoals:4 | HP: 4/153 [satyr/arrow (19)]
 26366 | Shoals:4 | Demolished by a minotaur (25 damage)
                  | ... while paralysed by a sphinx
 26373 | Shoals:4 | HP: 3/153 [minotaur (12)]
 26374 | Shoals:4 | Slain by a sphinx (6 damage)
 26616 | Shoals:4 | Identified the ring of Eternal Harmony {rElec Str+3 Int+6}
 26619 | Shoals:4 | Got a barnacled rune of Zot
 27191 | D:11     | Identified the +0 chain mail of the Bard {rPois Str-3
                  | Int+3} (Okawaru gifted it to you on level 11 of the
                  | Dungeon)
 27191 | D:11     | Received a gift from Okawaru
 28328 | D:12     | Found a bloodstained altar of Trog.
 28370 | D:12     | Found a staircase to the Orcish Mines.
 28602 | Orc:1    | Entered Level 1 of the Orcish Mines
 28602 | Orc:1    | Noticed Erica
 28609 | Orc:1    | Killed Erica
 28613 | Orc:1    | Noticed Snorg
 28619 | Orc:1    | Killed Snorg
 28655 | Orc:1    | Found Hawoqypt's Magic Scroll Emporium.
 28676 | Orc:1    | Bought a scroll of brand weapon for 95 gold pieces
 28770 | Orc:2    | Entered Level 2 of the Orcish Mines
 28770 | Orc:2    | Found a staircase to the Elven Halls.
 28924 | Orc:2    | Found Laetonac's Distillery.
 28932 | Orc:2    | Found Culop's Magic Scroll Emporium.
 29048 | Orc:2    | Bought a scroll of enchant weapon for 90 gold pieces
 29148 | Orc:2    | Slain by a red devil
                  | ... wielding a +0 trident
                  | ... summoned by an orc high priest
                  | (18 damage)
 29479 | Orc:2    | Paralysed by an orc sorcerer for 5 turns
 29497 | Orc:2    | Reached XP level 20. HP: 75/161 MP: 20/20
 29667 | Orc:2    | Found Guofian's Jewellery Boutique.
 29667 | Orc:2    | Found Miofrayh's Antique Weapon Shop.
 29668 | Orc:2    | Found a one-way gate leading to the halls of Pandemonium.
 30355 | D:13     | Reached skill level 14 in Shields
 31415 | D:14     | Reached skill level 15 in Fighting
 31668 | D:14     | Found a gate to the Vaults.
 32025 | Vaults:1 | Entered Level 1 of the Vaults
 32101 | Vaults:1 | Noticed Asterion
 32103 | Vaults:1 | Identified the +5 trident "Hulewak" {antimagic, rPois}
                  | (Okawaru gifted it to you on level 1 of the Vaults)
 32103 | Vaults:1 | Received a gift from Okawaru
 32129 | Vaults:1 | HP: 6/162 [slime creature (10)]
 32129 | Vaults:1 | HP: 2/162 [slime creature (3)]
 32130 | Vaults:1 | Killed from afar by Asterion (54 damage)
                  | ... with a bolt of negative energy
 32136 | Vaults:1 | Killed Asterion
 32407 | Vaults:1 | Demolished by an ironbound frostheart (37 damage)
 32416 | Vaults:1 | Reached skill level 1 in Long Blades
 32633 | Vaults:1 | Identified the +4 triple crossbow "Earthworm" {elec, Will++
                  | Stlth+}
 32649 | Vaults:1 | Slain by an ironbound frostheart (26 damage)
 32654 | Vaults:1 | Mangled by an ironbound frostheart (39 damage)
 32947 | Vaults:1 | Found a portal to a secret trove of treasure.
 32951 | Vaults:1 | You paid a toll of 15 scrolls of teleportation to enter a
                  | treasure trove
 32952 | Trove    | Entered a treasure trove
 33005 | Trove    | Got Sif Muna's Beginning Theurgy
 33062 | Trove    | Got Sif Muna's Encyclopedia of Enchanted Cold
 33618 | Vaults:2 | Noticed Nikola
 33631 | Vaults:2 | Killed Nikola
 33970 | Vaults:2 | Identified the +2 helmet of Sunlight {Dex+3} (Okawaru
                  | gifted it to you on level 2 of the Vaults)
 33970 | Vaults:2 | Received a gift from Okawaru
 34007 | Vaults:2 | Reached skill level 1 in Staves
 34317 | Vaults:2 | HP: 6/162 [frost giant/bolt of cold (43)]
 34320 | Vaults:2 | HP: 2/162 [frost giant/+0 battleaxe of freezing (1)]
 34322 | Vaults:2 | Mangled by a frost giant
                  | ... wielding a +0 battleaxe of freezing
                  | (13 damage)
 34337 | Vaults:2 | Killed from afar by an ironbound frostheart (36 damage)
                  | ... by creeping frost
 34340 | Vaults:2 | Reached skill level 1 in Invocations
 34364 | Vaults:2 | Reached skill level 5 in Long Blades
 34389 | Vaults:2 | HP: 5/162 [yaktaur captain (13)]
 34390 | Vaults:2 | Shot with a bolt by a yaktaur (8 damage)
 34413 | Vaults:2 | Mangled by a yaktaur captain (19 damage)
 34416 | Vaults:2 | Reached skill level 10 in Polearms
 34444 | Vaults:2 | Reached skill level 15 in Shields
 34848 | Vaults:2 | HP: 5/162 [vault warden/+0 great sword (19)]
 34848 | Vaults:2 | HP: 1/162 [yaktaur[a yaktaur captain] (4)]
 34849 | Vaults:2 | Reached XP level 21. HP: 1/168 MP: 22/22
 34850 | Vaults:2 | Mangled by a vault warden
                  | ... wielding a +0 great sword
                  | (10 damage)
 35007 | Vaults:2 | Shot with a bolt by a yaktaur captain (27 damage)
 35023 | Vaults:2 | HP: 3/168 [vault warden/+3 great mace of protection (16)]
 35024 | Vaults:2 | Killed from afar by a crystal guardian (20 damage)
                  | ... with a crystal bolt
                  | ... led by a peacekeeper
 35030 | Vaults:2 | Identified the +8 hand axe of Jeusoh {flame, Str+2}
                  | (Okawaru gifted it to you on level 2 of the Vaults)
 35030 | Vaults:2 | Received a gift from Okawaru
 35035 | Vaults:2 | Slain by a crystal guardian (22 damage)
                  | ... led by a peacekeeper
 35052 | Vaults:2 | Paralysed by a great orb of eyes for 5 turns
 35058 | Vaults:2 | HP: 8/168 [centaur warrior/arrow (25)]
 35063 | Vaults:2 | HP: 4/168 [vault guard/+0 battleaxe[a vault warden] (7)]
 35064 | Vaults:2 | Blown up by a great orb of eyes (42 damage)
                  | ... with a mindburst bolt
 35248 | Vaults:2 | Reached skill level 16 in Shields
 35587 | Vaults:2 | HP: 8/168 [cyan very ugly thing (9)]
 36474 | Vaults:2 | Identified the +1 spear of Okawaru's Delight {protect,
                  | *Rage rCorr Str+5 Int+3} (Okawaru gifted it to you on level
                  | 2 of the Vaults)
 36474 | Vaults:2 | Received a gift from Okawaru
 36679 | Vaults:2 | Reached skill level 5 in Staves
 37232 | Vaults:3 | Identified the +0 cloak of Dumyet {rPois Str+4 Dex+4}
 37314 | Vaults:3 | Reached skill level 17 in Shields
 37338 | Vaults:3 | HP: 5/168 [ironbound frostheart/creeping frost (26)]
 37342 | Vaults:3 | HP: 1/168 [ironbound frostheart/creeping frost (8)]
 37346 | Vaults:3 | Killed from afar by an ironbound frostheart (24 damage)
                  | ... by creeping frost
 37369 | Vaults:3 | Mangled by an ironbound frostheart (22 damage)
 37411 | Vaults:3 | Found Wuph's Weapon Boutique.
 37493 | Vaults:3 | Identified the +1 pair of gloves of the Loofah {*Corrode
                  | Will+++ Dex+4} (Okawaru gifted it to you on level 3 of the
                  | Vaults)
 37493 | Vaults:3 | Received a gift from Okawaru
 37895 | Vaults:3 | Found Goerch Ibriypp's Book Emporium.
 37917 | Vaults:3 | Found a staircase to the Crypt.
 37924 | Vaults:3 | Reached skill level 18 in Shields
 37940 | Vaults:3 | Slain by a vampire knight
                  | ... wielding a +0 long sword
                  | (21 damage)
 38164 | Vaults:3 | Found Pupamnuo's Assorted Antiques.
 38230 | Vaults:3 | Reached XP level 22. HP: 175/175 MP: 25/25
 38325 | Vaults:3 | Found Udwiaduo's Magic Scroll Emporium.
 38330 | Vaults:3 | Bought a scroll of enchant weapon for 165 gold pieces
 38330 | Vaults:3 | Bought a scroll of enchant armour for 165 gold pieces
 38493 | Vaults:3 | Reached skill level 5 in Invocations
 38859 | Vaults:3 | Found Kioxkargh's Distillery.
 39004 | Vaults:4 | Found Cibreal's General Store.
 39011 | Vaults:4 | Bought a scroll of enchant weapon for 157 gold pieces
 39011 | Vaults:4 | Bought a scroll of enchant armour for 157 gold pieces
 39011 | Vaults:4 | Bought a scroll of enchant weapon for 157 gold pieces
 39143 | Vaults:4 | HP: 6/171 [titan/the air (18)]
 39146 | Vaults:4 | Annihilated by a titan (31 damage)
 39172 | Vaults:4 | Noticed Donald
 39197 | Vaults:4 | Killed Donald
 39469 | Vaults:4 | Noticed Margery
 39472 | Vaults:4 | Reached skill level 19 in Shields
 39505 | Vaults:4 | Killed Margery
 39505 | Vaults:4 | Identified the +5 broad axe of Awkwardness {flame, Int+4}
                  | (Okawaru gifted it to you on level 4 of the Vaults)
 39505 | Vaults:4 | Received a gift from Okawaru
 39516 | Vaults:4 | HP: 5/175 [vault warden/+2 great sword of protection (37)]
 39519 | Vaults:4 | Annihilated by a vault warden
                  | ... wielding a +0 long sword
                  | (39 damage)
 39543 | Vaults:4 | Slain by a hell knight
                  | ... wielding a +5 heavy great sword
                  | ... led by Margery
                  | (49 damage)
 40246 | Vaults:5 | Entered Level 5 of the Vaults
 40255 | Vaults:5 | HP: 6/175 [green very ugly thing (12)]
 40256 | Vaults:5 | Succumbed to a green very ugly thing's poison
 40263 | Vaults:5 | HP: 7/175 [shadow dragon (7)]
 40265 | Vaults:5 | Slain by a shadow dragon (7 damage)
 40268 | Vaults:5 | Received a gift from Okawaru
 40272 | Vaults:5 | Noticed a golden dragon
 40277 | Vaults:5 | HP: 6/175 [vault guard/+0 bardiche (6)]
 40277 | Vaults:5 | Mangled by a war gargoyle
                  | ... wielding a +0 flail
                  | (13 damage)
 40288 | Vaults:5 | Slain by a war gargoyle
                  | ... wielding a +0 flail
                  | (18 damage)
 40291 | Vaults:5 | Killed a golden dragon
 40296 | Vaults:5 | Reached XP level 23. HP: 12/171 MP: 27/27
 40300 | Vaults:5 | Identified the +8 lajatang of Faz Ucyr {flame, rC+ Dex+5}
 40302 | Vaults:5 | Reached skill level 20 in Shields
 40302 | Vaults:5 | Killed from afar by a shadow dragon (42 damage)
                  | ... with a bolt of negative energy
 40318 | Vaults:5 | Noticed a dread lich
 40334 | Vaults:5 | Killed a dread lich
 40343 | Vaults:5 | Received a gift from Okawaru
 40346 | Vaults:5 | HP: 2/163 [brown very ugly thing (13)]
 40346 | Vaults:5 | Splashed by a brown very ugly thing's acid (12 damage)
 40364 | Vaults:5 | Identified the +1 robe of Instinct {Dex+2}
 40398 | Vaults:5 | HP: 4/172 [quicksilver dragon/bolt of dispelling energy
                  | (25)]
 40401 | Vaults:5 | Killed by the air
                  | ... invoked by a titan
                  | (50 damage)
 40457 | Vaults:5 | Identified the +0 acid dragon scales of Philately {rCorr
                  | Dex+4}
 40463 | Vaults:5 | Identified the amulet "Zuhuoposch" {Harm Regen+}
 40474 | Vaults:5 | Reached skill level 15 in Polearms
 40796 | Vaults:5 | Reached skill level 21 in Shields
 41531 | Vaults:5 | Got a silver rune of Zot
 41970 | Vaults:5 | Identified the +2 sling of Faneur {heavy, Int+4 Dex+4
                  | Stlth-}
 42426 | Crypt:1  | Entered Level 1 of the Crypt
 42526 | Crypt:1  | Identified the +10 scimitar of Tonia {flame, Dex+2}
                  | (Okawaru gifted it to you on level 1 of the Crypt)
 42526 | Crypt:1  | Received a gift from Okawaru
 42581 | Crypt:1  | Reached XP level 24. HP: 124/182 MP: 28/28
 42682 | Crypt:1  | Reached skill level 10 in Staves
 42849 | Crypt:1  | Found the +3 giant club "Skullcrusher" {speed, Str+7}
 42982 | Crypt:1  | HP: 8/188 [??? (7)]
 42988 | Crypt:1  | HP: 9/186 [flayed ghost/flay_damage[a curse skull] (1)]
 42989 | Crypt:1  | HP: 1/186 [vampire[a curse skull] (6)]
 42990 | Crypt:1  | Mangled by a harpy zombie (7 damage)
                  | ... summoned by a curse skull
 42997 | Crypt:1  | Killed by vampiric draining
                  | ... invoked by a vampire
                  | ... summoned by a curse skull
                  | (12 damage)
 43001 | Crypt:1  | HP: 9/186 [flayed ghost/flay_damage[a curse skull] (1)]
 43001 | Crypt:1  | Killed by vampiric draining
                  | ... invoked by a vampire
                  | ... summoned by a curse skull
                  | (21 damage)
 43009 | Crypt:1  | HP: 9/184 [??? (8)]
 44582 | Crypt:2  | HP: 3/188 [ghoul (13)]
 44583 | Crypt:2  | Mangled by a ghoul (10 damage)
 44597 | Crypt:2  | HP: 9/188 [freezing wraith[a curse skull] (16)]
 44602 | Crypt:2  | HP: 1/188 [jiangshi[a curse skull] (10)]
 44602 | Crypt:2  | Slain by a freezing wraith (2 damage)
                  | ... summoned by a curse skull
 44617 | Crypt:2  | Mangled by a flayed ghost (21 damage)
                  | ... summoned by a curse skull
 44630 | Crypt:2  | Reached skill level 22 in Shields
 44792 | Crypt:2  | Identified the +0 robe of Eternal Vigilance {rN+ Str+3
                  | Int+4} (Okawaru gifted it to you on level 2 of the Crypt)
 44792 | Crypt:2  | Received a gift from Okawaru
 45042 | Crypt:2  | Noticed Khufu
 45043 | Crypt:2  | Found a basalt altar of Yredelemnul.
 45047 | Crypt:2  | Noticed a royal mummy
 45055 | Crypt:2  | HP: 7/186 [emperor scorpion[Khufu] (7)]
 45056 | Crypt:2  | Mangled by Khufu (18 damage)
 45063 | Crypt:2  | Killed Khufu
 45064 | Crypt:2  | HP: 7/188 [emperor scorpion[Khufu] (20)]
 45064 | Crypt:2  | HP: 3/188 [emperor scorpion[Khufu] (4)]
 45064 | Crypt:2  | HP: 1/188 [jiangshi (2)]
 45065 | Crypt:2  | Succumbed to an emperor scorpion's poison
 45073 | Crypt:2  | Killed by divine providence
                  | ... invoked by a royal mummy
                  | ... led by Khufu
                  | (13 damage)
 45076 | Crypt:2  | HP: 1/188 [royal mummy[Khufu] (15)]
 45077 | Crypt:2  | Demolished by a death scarab (18 damage)
                  | ... summoned by a royal mummy
                  | ... led by Khufu
 45079 | Crypt:2  | Killed a royal mummy
 45442 | Crypt:3  | Entered Level 3 of the Crypt
 45468 | Crypt:3  | Noticed Grunn
 45489 | Crypt:3  | Killed Grunn
 45493 | Crypt:3  | Noticed a curse toe
 45502 | Crypt:3  | Killed a curse toe
 45502 | Crypt:3  | HP: 5/186 [ancient champion/+3 battleaxe of freezing (8)]
 45774 | Crypt:3  | Noticed an ancient lich
 45774 | Crypt:3  | Noticed an ancient lich
 45794 | Crypt:3  | Reached skill level 23 in Shields
 45807 | Crypt:3  | Noticed Zenata
 45819 | Crypt:3  | Reached XP level 25. HP: 29/186 MP: 29/29
 45824 | Crypt:3  | Killed Zenata
 46160 | Crypt:3  | Received a gift from Okawaru
 46572 | Crypt:3  | Found the +3 warlock's mirror {omnireflect}
 46585 | Crypt:3  | Killed an ancient lich
 46590 | Crypt:3  | Killed an ancient lich
 46777 | Crypt:3  | Identified the +2 war axe "Hommiv" {flame, Str+3}
 47002 | Crypt:3  | Found a staircase to the Tomb.
 47189 | Tomb:1   | Entered Level 1 of the Tomb of the Ancients
 47444 | Tomb:1   | HP: 3/194 [something (13)]
 47445 | Tomb:1   | Engulfed by an ushabti's foul pestilence (6 damage)
 47457 | Tomb:1   | HP: 6/194 [ushabti] (8)]
 47458 | Tomb:1   | Engulfed by an ushabti's foul pestilence (3 damage)
 47474 | Tomb:1   | Killed from afar by an ancient champion (36 damage)
                  | ... with an iron shot
 47476 | Tomb:1   | Upgraded the game from 0.30-a0-1112-gfb780f5df6 to
                  | 0.30-a0-1114-gd936c97349
 47484 | Tomb:1   | Mangled by an ancient champion
                  | ... wielding a +2 battleaxe
                  | (27 damage)
 47487 | Tomb:1   | Noticed a royal mummy
 47498 | Tomb:1   | Noticed a royal mummy
 47502 | Tomb:1   | HP: 4/186 [mummy (6)]
 47503 | Tomb:1   | Slain by an emperor scorpion (8 damage)
                  | ... summoned by a royal mummy
 47515 | Tomb:1   | HP: 6/186 [ushabti] (8)]
 47516 | Tomb:1   | Engulfed by an ushabti's foul pestilence (9 damage)
 47520 | Tomb:1   | HP: 4/186 [poisoned by an ushabti (dark miasma)]
 47521 | Tomb:1   | Succumbed to an ushabti's dark miasma
 47526 | Tomb:1   | HP: 3/186 [death scarab[a royal mummy] (30)]
 47526 | Tomb:1   | Slain by an emperor scorpion (8 damage)
                  | ... summoned by a royal mummy
 47531 | Tomb:1   | HP: 5/186 [death scarab[a royal mummy] (33)]
 47531 | Tomb:1   | Annihilated by a royal mummy (28 damage)
 47535 | Tomb:1   | Mangled by an emperor scorpion (24 damage)
                  | ... summoned by a royal mummy
 47539 | Tomb:1   | HP: 9/186 [poisoned by an emperor scorpion]
 47539 | Tomb:1   | Slain by an emperor scorpion (10 damage)
                  | ... summoned by a royal mummy
 47541 | Tomb:1   | Succumbed to an ushabti's dark miasma
 47544 | Tomb:1   | HP: 7/186 [??? (7)]
 47544 | Tomb:1   | Noticed a royal mummy
 47545 | Tomb:1   | Succumbed to an ushabti's dark miasma
 47548 | Tomb:1   | Succumbed to an ushabti's dark miasma
 47550 | Tomb:1   | HP: 1/186 [death scarab[a royal mummy] (20)]
 47550 | Tomb:1   | Mangled by a death scarab (9 damage)
                  | ... summoned by a royal mummy
 47555 | Tomb:1   | Succumbed to an ushabti's dark miasma
 47557 | Tomb:1   | Killed a royal mummy
 47557 | Tomb:1   | HP: 1/186 [skeletal warrior/+0 short sword (16)]
 47557 | Tomb:1   | Mangled by an emperor scorpion (13 damage)
                  | ... summoned by a royal mummy
 47561 | Tomb:1   | Slain by a skeletal warrior
                  | ... wielding a +0 short sword
                  | (7 damage)
 47567 | Tomb:1   | Mangled by a royal mummy (33 damage)
 47573 | Tomb:1   | Mangled by a royal mummy (37 damage)
 47576 | Tomb:1   | HP: 6/189 [ushabti/vile air (6)]
 47576 | Tomb:1   | Mangled by an ushabti (12 damage)
 47579 | Tomb:1   | HP: 1/189 [poisoned by an ushabti (dark miasma)]
 47580 | Tomb:1   | Succumbed to an ushabti's dark miasma
 47584 | Tomb:1   | Demolished by an ushabti (36 damage)
 47587 | Tomb:1   | HP: 9/189 [poisoned by an ushabti (dark miasma)]
 47587 | Tomb:1   | HP: 3/189 [ushabti/vile air (3)]
 47587 | Tomb:1   | Killed from afar by an ushabti (4 damage)
                  | ... with a vile air
 47591 | Tomb:1   | Killed from afar by an ushabti (3 damage)
                  | ... with a vile air
 47596 | Tomb:1   | HP: 3/189 [emperor scorpion[a royal mummy] (25)]
 47596 | Tomb:1   | Mangled by an emperor scorpion (9 damage)
                  | ... summoned by a royal mummy
 47601 | Tomb:1   | Mangled by a royal mummy (18 damage)
 47604 | Tomb:1   | Killed a royal mummy
 47606 | Tomb:1   | Demolished by a death scarab (32 damage)
                  | ... summoned by a royal mummy
 47610 | Tomb:1   | HP: 2/192 [emperor scorpion[a royal mummy] (8)]
 47610 | Tomb:1   | Killed from afar by an ushabti (7 damage)
                  | ... with a vile air
 47612 | Tomb:1   | Mangled by a death scarab (39 damage)
                  | ... summoned by a royal mummy
 47617 | Tomb:1   | Killed a royal mummy
 47619 | Tomb:1   | HP: 9/194 [something (4)]
 47883 | Tomb:1   | Identified the staff of fire "Hacasucoim" {rF+ Will+ Dex+3}
 47900 | Tomb:1   | Identified the +2 chain mail "Cyat" {Harm Rampage Fly
                  | Dex-2} (Okawaru gifted it to you on level 1 of the Tomb of
                  | the Ancients)
 47900 | Tomb:1   | Received a gift from Okawaru
 47917 | Tomb:1   | Noticed a royal mummy
 47917 | Tomb:1   | Noticed a royal mummy
 47917 | Tomb:1   | Noticed a royal mummy
 47921 | Tomb:1   | HP: 9/189 [emperor scorpion[a royal mummy] (3)]
 47922 | Tomb:1   | Slain by a royal mummy (15 damage)
 47926 | Tomb:1   | Killed a royal mummy
 47927 | Tomb:1   | HP: 9/193 [emperor scorpion[a royal mummy] (8)]
 47927 | Tomb:1   | HP: 4/193 [??? (2)]
 47928 | Tomb:1   | Demolished by a death scarab (19 damage)
                  | ... summoned by a royal mummy
 47937 | Tomb:1   | Killed a royal mummy
 47941 | Tomb:1   | HP: 3/194 [poisoned by an emperor scorpion]
 47942 | Tomb:1   | Succumbed to an emperor scorpion's poison
 47946 | Tomb:1   | Succumbed to an emperor scorpion's poison
 47949 | Tomb:1   | Killed a royal mummy
 48698 | Tomb:2   | Noticed a royal mummy
 48703 | Tomb:2   | Noticed a royal mummy
 48704 | Tomb:2   | Reached skill level 24 in Shields
 48704 | Tomb:2   | HP: 3/185 [ushabti] (7)]
 48704 | Tomb:2   | Slain by a death scarab (2 damage)
 48704 | Tomb:2   | Noticed a royal mummy
 48707 | Tomb:2   | Noticed a royal mummy
 48709 | Tomb:2   | HP: 7/179 [ushabti] (1)]
 48709 | Tomb:2   | Succumbed to an ushabti's dark miasma
 48710 | Tomb:2   | Demolished by an ancient champion
                  | ... wielding a +3 great mace
                  | (36 damage)
 48714 | Tomb:2   | Succumbed to poison (dark miasma)
 48716 | Tomb:2   | HP: 7/165 [death scarab[a royal mummy] (10)]
 48716 | Tomb:2   | Slain by an emperor scorpion (8 damage)
                  | ... summoned by a royal mummy
 48720 | Tomb:2   | Slain by an ancient champion
                  | ... wielding a +0 great sword of draining
                  | (6 damage)
 48727 | Tomb:2   | HP: 3/163 [death scarab[a royal mummy] (16)]
 48728 | Tomb:2   | Demolished by a death scarab (19 damage)
                  | ... summoned by a royal mummy
 48733 | Tomb:2   | Killed a royal mummy
 48733 | Tomb:2   | HP: 3/163 [death scarab[a royal mummy] (16)]
 48733 | Tomb:2   | Killed by divine providence
                  | ... invoked by a royal mummy
                  | (14 damage)
 48734 | Tomb:2   | Killed a royal mummy
 48744 | Tomb:2   | Slain by a royal mummy (13 damage)
 48751 | Tomb:2   | HP: 1/175 [death scarab[a royal mummy] (10)]
 48752 | Tomb:2   | Mangled by a royal mummy (13 damage)
 48759 | Tomb:2   | Killed a royal mummy
 48763 | Tomb:2   | Killed a royal mummy
 48763 | Tomb:2   | Killed by a royal mummy's death curse (39 damage)
 49350 | Tomb:1   | Noticed a royal mummy
 49359 | Tomb:1   | HP: 5/174 [royal mummy/divine providence (18)]
 49359 | Tomb:1   | Noticed a royal mummy
 49361 | Tomb:1   | HP: 1/174 [death scarab[a royal mummy] (4)]
 49367 | Tomb:1   | HP: 5/174 [??? (2)]
 49368 | Tomb:1   | Killed by divine providence
                  | ... invoked by a royal mummy
                  | (12 damage)
 49369 | Tomb:1   | Killed a royal mummy
 49370 | Tomb:1   | Reached XP level 26. HP: 183/189 MP: 30/30
 49376 | Tomb:1   | Killed a royal mummy
 49425 | Tomb:1   | Noticed a royal mummy
 49438 | Tomb:1   | Killed a royal mummy
 49438 | Tomb:1   | Identified the +5 war axe of the Magi {freeze, Str+4
                  | Stlth+} (Okawaru gifted it to you on level 1 of the Tomb of
                  | the Ancients)
 49438 | Tomb:1   | Received a gift from Okawaru
 49469 | Tomb:1   | Noticed a royal mummy
 49479 | Tomb:1   | Killed a royal mummy
 49481 | Tomb:1   | Noticed a royal mummy
 49489 | Tomb:1   | Killed a royal mummy
 49491 | Tomb:1   | Noticed a royal mummy
 49507 | Tomb:1   | HP: 6/201 [royal mummy (9)]
 49510 | Tomb:1   | Killed a royal mummy
 49870 | Tomb:1   | Noticed a royal mummy
 49885 | Tomb:1   | Killed a royal mummy
 49915 | Tomb:1   | Noticed a royal mummy
 49932 | Tomb:1   | Killed a royal mummy
 50034 | Tomb:1   | Noticed a royal mummy
 50045 | Tomb:1   | Noticed a royal mummy
 50053 | Tomb:1   | Killed a royal mummy
 50054 | Tomb:1   | Noticed a royal mummy
 50056 | Tomb:1   | Noticed a royal mummy
 50059 | Tomb:1   | Noticed a royal mummy
 50063 | Tomb:1   | HP: 10/201 [??? (9)]
 50065 | Tomb:1   | Slain by a death scarab (13 damage)
                  | ... summoned by a royal mummy
 50069 | Tomb:1   | Killed a royal mummy
 50070 | Tomb:1   | Reached skill level 25 in Shields
 50071 | Tomb:1   | Killed a royal mummy
 50075 | Tomb:1   | HP: 6/189 [royal mummy/divine providence (19)]
 50076 | Tomb:1   | Killed by divine providence
                  | ... invoked by a royal mummy
                  | (15 damage)
 50078 | Tomb:1   | Noticed a royal mummy
 50085 | Tomb:1   | Killed a royal mummy
 50089 | Tomb:1   | HP: 4/179 [royal mummy (20)]
 50090 | Tomb:1   | Killed by divine providence
                  | ... invoked by a royal mummy
                  | (15 damage)
 50093 | Tomb:1   | Killed a royal mummy
 50098 | Tomb:1   | Killed a royal mummy
 50099 | Tomb:1   | Reached skill level 10 in Invocations
 50488 | Tomb:2   | Received a gift from Okawaru
 50894 | Tomb:3   | Entered Level 3 of the Tomb of the Ancients
 50915 | Tomb:3   | Noticed a royal mummy
 50918 | Tomb:3   | Killed by an exploding bennu (61 damage)
                  | ... ignited by themself
 50923 | Tomb:3   | Noticed a royal mummy
 50923 | Tomb:3   | Noticed a royal mummy
 50924 | Tomb:3   | Slain by an ancient champion
                  | ... wielding a +0 great mace of freezing
                  | (18 damage)
 50925 | Tomb:3   | Noticed a royal mummy
 50929 | Tomb:3   | HP: 5/179 [something] (9)]
 50929 | Tomb:3   | Succumbed to an ushabti's dark miasma
 50930 | Tomb:3   | HP: 2/179 [ancient champion/+0 great mace of freezing (8)]
 50930 | Tomb:3   | Slain by an ancient champion
                  | ... wielding a +0 great mace of freezing
                  | (3 damage)
 50935 | Tomb:3   | Engulfed by an ushabti's foul pestilence (15 damage)
 50939 | Tomb:3   | Killed by divine providence
                  | ... invoked by a royal mummy
                  | (13 damage)
 50946 | Tomb:3   | Killed by divine providence
                  | ... invoked by a royal mummy
                  | (13 damage)
 50949 | Tomb:3   | HP: 7/171 [poisoned by an ushabti (dark miasma)]
 50950 | Tomb:3   | Engulfed by an ushabti's foul pestilence (12 damage)
 50952 | Tomb:3   | Slain by a guardian mummy (13 damage)
 50954 | Tomb:3   | HP: 8/175 [ancient champion/+1 battleaxe of flaming (7)]
 50954 | Tomb:3   | Killed by divine providence
                  | ... invoked by a royal mummy
                  | (14 damage)
 50956 | Tomb:3   | HP: 1/175 [poisoned by an ushabti (dark miasma)]
 50956 | Tomb:3   | Killed by divine providence
                  | ... invoked by a royal mummy
                  | (16 damage)
 50960 | Tomb:3   | Mangled by a royal mummy (14 damage)
 50963 | Tomb:3   | HP: 7/177 [royal mummy/divine providence (13)]
 50964 | Tomb:3   | Engulfed by an ushabti's foul pestilence (7 damage)
 50967 | Tomb:3   | Succumbed to an ushabti's dark miasma
 50969 | Tomb:3   | HP: 5/181 [poisoned by an ushabti (dark miasma)]
 50969 | Tomb:3   | Killed by divine providence
                  | ... invoked by a royal mummy
                  | (14 damage)
 50970 | Tomb:3   | Paralysed by a Zot trap for 3 turns
 50971 | Tomb:3   | Succumbed to an ushabti's dark miasma
                  | ... while paralysed by a Zot trap
 50973 | Tomb:3   | Engulfed by an ushabti's foul pestilence (8 damage)
 50973 | Tomb:3   | Killed a royal mummy
 50977 | Tomb:3   | Killed a royal mummy
 50977 | Tomb:3   | Killed by a royal mummy's death curse (19 damage)
 50982 | Tomb:3   | Slain by a death scarab (20 damage)
                  | ... summoned by a royal mummy
 50985 | Tomb:3   | HP: 1/194 [emperor scorpion[a royal mummy] (22)]
 50985 | Tomb:3   | Slain by an emperor scorpion (6 damage)
                  | ... summoned by a royal mummy
 50987 | Tomb:3   | Killed a royal mummy
 50999 | Tomb:3   | HP: 6/197 [poisoned by an ushabti (dark miasma)]
 50999 | Tomb:3   | HP: 2/197 [skeletal warrior/+2 heavy morningstar (4)]
 50999 | Tomb:3   | Slain by an emperor scorpion (2 damage)
                  | ... summoned by a royal mummy
 51001 | Tomb:3   | Slain by a skeletal warrior
                  | ... wielding a +2 heavy morningstar
                  | (26 damage)
 51006 | Tomb:3   | HP: 8/197 [something (15)]
 51007 | Tomb:3   | Succumbed to an ushabti's dark miasma
 51018 | Tomb:3   | HP: 8/197 [royal mummy/divine providence (16)]
 51021 | Tomb:3   | HP: 2/197 [ushabti] (3)]
 51021 | Tomb:3   | Succumbed to an ushabti's dark miasma
 51030 | Tomb:3   | HP: 5/197 [poisoned by an ushabti (dark miasma)]
 51031 | Tomb:3   | Succumbed to an ushabti's dark miasma
 51038 | Tomb:3   | HP: 4/197 [poisoned by an ushabti (dark miasma)]
 51038 | Tomb:3   | HP: 1/197 [emperor scorpion[a royal mummy] (3)]
 51038 | Tomb:3   | Slain by an emperor scorpion (6 damage)
                  | ... summoned by a royal mummy
 51042 | Tomb:3   | Killed a royal mummy
 51050 | Tomb:3   | HP: 9/200 [ushabti] (2)]
 51051 | Tomb:3   | Engulfed by an ushabti's foul pestilence (10 damage)
 51065 | Tomb:3   | HP: 5/201 [ushabti] (8)]
 51065 | Tomb:3   | Killed from afar by an ushabti (4 damage)
                  | ... with a vile air
 51073 | Tomb:3   | HP: 1/201 [something (19)]
 51073 | Tomb:3   | Succumbed to an ushabti's dark miasma
 51081 | Tomb:3   | HP: 3/201 [mummy priest/divine providence (14)]
 51082 | Tomb:3   | HP: 1/201 [poisoned by an ushabti (dark miasma)]
 51084 | Tomb:3   | Succumbed to an ushabti's dark miasma
 51106 | Tomb:3   | Killed by a mummy priest's death curse (25 damage)
 51155 | Tomb:3   | Noticed a royal mummy
 51165 | Tomb:3   | HP: 10/201 [emperor scorpion[a royal mummy] (13)]
 51167 | Tomb:3   | Mangled by an emperor scorpion (20 damage)
                  | ... summoned by a royal mummy
 51169 | Tomb:3   | Killed a royal mummy
 51169 | Tomb:3   | Noticed a royal mummy
 51175 | Tomb:3   | Killed from afar by a ynoxinul (33 damage)
                  | ... with an iron shot
                  | ... summoned by a mummy priest
 51178 | Tomb:3   | Slain by a mummy priest (22 damage)
 51191 | Tomb:3   | Killed a royal mummy
 51191 | Tomb:3   | Identified the +3 spear of Wyosaf {holy, Str+3 Int+2}
                  | (Okawaru gifted it to you on level 3 of the Tomb of the
                  | Ancients)
 51191 | Tomb:3   | Received a gift from Okawaru
 51388 | Tomb:3   | Identified the +10 long sword "Emniyd" {drain, rPois Str+2
                  | Dex+3}
 51682 | Tomb:3   | Noticed a royal mummy
 51692 | Tomb:3   | Killed a royal mummy
 51810 | Tomb:3   | Noticed a royal mummy
 51813 | Tomb:3   | Noticed a royal mummy
 51826 | Tomb:3   | HP: 8/201 [death scarab[a royal mummy] (8)]
 51826 | Tomb:3   | Mangled by a death scarab (14 damage)
                  | ... summoned by a royal mummy
 51836 | Tomb:3   | HP: 3/201 [emperor scorpion[a royal mummy] (13)]
 51836 | Tomb:3   | Demolished by a death scarab (20 damage)
                  | ... summoned by a royal mummy
 51842 | Tomb:3   | Killed a royal mummy
 51843 | Tomb:3   | Reached skill level 26 in Shields
 51843 | Tomb:3   | HP: 1/201 [death scarab[a royal mummy] (20)]
 51844 | Tomb:3   | Demolished by a death scarab (16 damage)
                  | ... summoned by a royal mummy
 51848 | Tomb:3   | Killed a royal mummy
 51853 | Tomb:3   | Killed from afar by an ancient champion (27 damage)
                  | ... with an iron shot
 51862 | Tomb:3   | Reached XP level 27. HP: 175/207 MP: 30/30
 52133 | Tomb:3   | Identified the amulet "Piet" {RegenMP rN+}
 52135 | Tomb:3   | Identified the +4 falchion of the Iron City of Dis {drain,
                  | *Noise rElec rCorr}
 52252 | Tomb:3   | Got a golden rune of Zot
 52950 | D:15     | Entered Level 15 of the Dungeon
 53073 | D:15     | Found a basalt altar of Yredelemnul.
 53211 | D:15     | Identified the +1 ring mail of Winter {Str+3 Dex+5}
 53419 | D:15     | Found a staircase to the Depths.
 53600 | Depths:1 | Entered Level 1 of the Depths
 54082 | Depths:1 | Found a gateway to Hell.
 54144 | Depths:1 | HP: 8/206 [stone giant (14)]
 54144 | Depths:1 | Killed from afar by a frost giant (62 damage)
                  | ... with a bolt of cold
 54170 | Depths:1 | Identified the +1 tower shield of Hairiness {Harm Drain
                  | Dex+8} (Okawaru gifted it to you on level 1 of the Depths)
 54170 | Depths:1 | Received a gift from Okawaru
 54198 | Depths:1 | Slain by a white very ugly thing (45 damage)
 54200 | Depths:1 | Found a runed translucent gate.
 54864 | Depths:1 | Found a runed translucent gate.
 54864 | Depths:1 | Found a runed translucent gate.
 55226 | Depths:2 | Noticed the Enchantress
 55240 | Depths:2 | Killed the Enchantress
 55279 | Depths:2 | Paralysed by a floating eye for 4 turns
 55495 | Depths:2 | Identified the ring "Xichoos" {Fly rPois Will- Str+6
                  | Stlth+}
 55646 | Depths:2 | Reached skill level 27 in Shields
 55891 | Depths:2 | Identified the +0 scale mail of Terror {rC- Str+6} (Okawaru
                  | gifted it to you on level 2 of the Depths)
 55891 | Depths:2 | Received a gift from Okawaru
 56238 | Depths:2 | Found a one-way gate to the infinite horrors of the Abyss.
 56847 | Depths:3 | Noticed a juggernaut
 56878 | Depths:3 | HP: 9/206 [living spell/divine providence[a walking divine
                  | tome] (16)]
 56883 | Depths:3 | HP: 4/206 [living spell/divine providence[a walking divine
                  | tome] (9)]
 56883 | Depths:3 | Killed by divine providence
                  | ... invoked by a living spell
                  | ... summoned by a walking divine tome
                  | (9 damage)
 56890 | Depths:3 | Killed a juggernaut
 56902 | Depths:3 | Demolished by a stone giant (33 damage)
 56909 | Depths:3 | Identified the +2 leather armour of Death's Door {Str+4}
 56917 | Depths:3 | Identified the +1 morningstar "Weguirr" {freeze, Fly Will++
                  | rCorr}
 56935 | Depths:3 | Identified the +3 scimitar "Wyiqul" {spect, Fragile Fly rC+
                  | Int+2}
 56937 | Depths:3 | Killed by divine providence
                  | ... invoked by a living spell
                  | ... summoned by a walking divine tome
                  | (14 damage)
 56959 | Depths:3 | HP: 1/207 [living spell/divine providence[a walking divine
                  | tome] (12)]
 56976 | Depths:3 | Killed from afar by a tengu reaver (52 damage)
                  | ... with a bolt of negative energy
 57094 | Depths:3 | Found a bloodstained altar of Trog.
 57381 | Depths:3 | Found a one-way gateway to a ziggurat.
 57431 | Depths:3 | Found a shadowy altar of Dithmenos.
 57753 | Zig:1    | Entered Level 1 of a ziggurat
 57781 | Zig:2    | Entered Level 2 of a ziggurat
 57794 | Zig:2    | Received a gift from Okawaru
 57816 | Zig:3    | Entered Level 3 of a ziggurat
 57851 | Zig:3    | Identified the +3 scale mail of Ycsat Pieje {+Inv rPois rC-
                  | Will+}
 57860 | Zig:4    | Entered Level 4 of a ziggurat
 58150 | Zig:4    | Identified the +8 rapier of the Hall of Blades {flame,
                  | Int+3}
 58158 | Zig:5    | Entered Level 5 of a ziggurat
 58179 | Zig:5    | HP: 7/199 [nargun (3)]
 58179 | Zig:5    | HP: 2/199 [nargun (5)]
 58179 | Zig:5    | Mangled by a nargun (15 damage)
                  | ... while petrified by a nargun
 58189 | Zig:5    | Received a gift from Okawaru
 58201 | Zig:5    | HP: 8/201 [nargun (15)]
 58206 | Zig:5    | HP: 6/201 [nargun (6)]
 58206 | Zig:5    | Slain by a nargun (9 damage)
                  | ... while petrified by a nargun
 58229 | Zig:6    | Entered Level 6 of a ziggurat
 58262 | Zig:6    | Killed from afar by a yellow draconian annihilator (76
                  | damage)
                  | ... with an iron shot
 58279 | Zig:6    | Acquired the amulet "Zewotan" {Fragile Regen+ rCorr Dex+3}
 58291 | Zig:6    | Acquired a manual of Hexes
 58301 | Zig:7    | Entered Level 7 of a ziggurat
 58307 | Zig:7    | Noticed a dread lich
 58318 | Zig:7    | Reached skill level 15 in Staves
 58338 | Zig:7    | Killed a dread lich
 58584 | Zig:7    | Got Padefyl's Folio of the Mantle
 58592 | Zig:8    | Entered Level 8 of a ziggurat
 58599 | Zig:8    | Noticed a dread lich
 58600 | Zig:8    | Found the +6 lightning scales {swift, rElec}
 58601 | Zig:8    | Found the ring of Shadows {Umbra +Inv Stlth+}
 58619 | Zig:8    | Killed a dread lich
 58714 | Zig:8    | Identified the +1 arbalest "Gitirph" {freeze, rElec rN++}
 58717 | Zig:9    | Entered Level 9 of a ziggurat
 58736 | Zig:9    | Identified the +4 scale mail of the New World {rPois rC+
                  | Dex+4} (Okawaru gifted it to you on level 9 of a ziggurat)
 58736 | Zig:9    | Received a gift from Okawaru
 58945 | Zig:9    | Identified the amulet "Kehor" {RegenMP Str+5 Int-4 Dex+5}
 58949 | Zig:10   | Entered Level 10 of a ziggurat
 58958 | Zig:10   | Noticed Tuliriqa the pandemonium lord
 58963 | Zig:10   | HP: 10/207 [??? (10)]
 58964 | Zig:10   | Killed by divine providence
                  | ... invoked by a sphinx
                  | ... summoned by a demonspawn corrupter
                  | (12 damage)
 58968 | Zig:10   | HP: 9/207 [poisoned by a demonspawn warmonger]
 58970 | Zig:10   | Killed by divine providence
                  | ... invoked by a sphinx
                  | ... summoned by a demonspawn corrupter
                  | (18 damage)
 58982 | Zig:10   | HP: 4/207 [Hell Sentinel (9)]
 58991 | Zig:10   | Killed Tuliriqa the pandemonium lord
 59149 | Zig:10   | Identified the +4 hand axe of the Lurker {heavy, *Noise
                  | Dex+7}
 59150 | Zig:10   | Identified the +2 whip of Nuoreqon {flame, Int+2}
 59170 | Zig:11   | Entered Level 11 of a ziggurat
 59193 | Zig:11   | Killed from afar by a crystal guardian (12 damage)
                  | ... with a crystal bolt
 59204 | Zig:11   | Demolished by an iron giant
                  | ... wielding a +0 giant club
                  | (31 damage)
 59551 | Zig:11   | Identified the amulet of the Firefly {RegenMP Will+ rCorr}
 59572 | Zig:12   | Entered Level 12 of a ziggurat
 59893 | Zig:12   | Identified the ring of Maosadd {Fly rF+ Will+ Int-4 Dex+4}
 59917 | Zig:13   | Entered Level 13 of a ziggurat
 59940 | Zig:13   | Killed from afar by a white draconian stormcaller (12
                  | damage)
                  | ... with a blast of cold
 59949 | Zig:13   | HP: 10/207 [white draconian/+1 short sword of protection
                  | (3)]
 59950 | Zig:13   | HP: 1/207 [something/bolt of cold (8)]
 59951 | Zig:13   | Slain by a white draconian
                  | ... wielding a +1 short sword of protection
                  | (6 damage)
 59978 | Zig:13   | Killed from afar by a purple draconian (24 damage)
                  | ... with a bolt of dispelling energy
 60230 | Zig:13   | Identified the amulet of Melee {Faith rF+ Dex+2}
 60244 | Zig:13   | Identified the staff of air "Gefem" {Fragile rElec rPois
                  | rN+++ Str-4}
 60254 | Zig:14   | Entered Level 14 of a ziggurat
 60284 | Zig:14   | HP: 5/192 [deep elf death mage/bolt of negative energy
                  | (38)]
 60284 | Zig:14   | Killed from afar by a deep elf death mage (13 damage)
                  | ... with a bolt of negative energy
 60292 | Zig:14   | Killed from afar by a deep elf death mage (38 damage)
                  | ... with a bolt of negative energy
 60295 | Zig:14   | Received a gift from Okawaru
 60298 | Zig:14   | HP: 7/172 [??? (4)]
 60298 | Zig:14   | HP: 1/172 [something (6)]
 60298 | Zig:14   | Slain by a lich (1 damage)
 60301 | Zig:14   | Slain by a jiangshi (2 damage)
                  | ... summoned by a curse skull
 60310 | Zig:14   | Killed by vampiric draining
                  | ... invoked by a vampire knight
                  | (16 damage)
 60313 | Zig:14   | Killed by vampiric draining
                  | ... invoked by a vampire knight
                  | (27 damage)
 60678 | Zig:14   | Identified the +1 cloak of Imperfection {rPois}
 60708 | Zig:14   | Identified the scarf of Luymm {shadows, Drain rElec rPois
                  | Will+++}
 60720 | Zig:15   | Entered Level 15 of a ziggurat
 60737 | Zig:15   | Noticed a dread lich
 60738 | Zig:15   | Found the ring of the Hare {EV+10}
 60744 | Zig:15   | HP: 8/176 [balrug/divine providence (18)]
 60745 | Zig:15   | Mangled by a searing wretch (14 damage)
 60749 | Zig:15   | Killed from afar by a hellephant (148 damage)
                  | ... with a blast of flame
 60755 | Zig:15   | HP: 3/194 [balrug/divine providence (13)]
 60755 | Zig:15   | Mangled by a hellephant (13 damage)
 60762 | Zig:15   | Killed by divine providence
                  | ... invoked by a balrug
                  | (18 damage)
 60771 | Zig:15   | Killed from afar by a hellephant (45 damage)
                  | ... with a blast of flame
 60776 | Zig:15   | Killed a dread lich
 60916 | Zig:15   | Identified the +2 leather armour of Youthful Indiscretion
                  | {rPois rN+ Stlth+}
 60921 | Zig:15   | Identified the ring "Kedghanki" {rC+ Int+6}
 60931 | Zig:15   | Identified the ring of Qaytur {rF+ EV+5 Str+2 SInv}
 60934 | Zig:16   | Entered Level 16 of a ziggurat
 60960 | Zig:16   | HP: 1/207 [golden dragon (13)]
 60961 | Zig:16   | Mangled by a swamp dragon (9 damage)
 60972 | Zig:16   | HP: 5/207 [poisoned by a green death (bolt of poison)]
 60972 | Zig:16   | Slain by a hornet (9 damage)
                  | ... created by a shambling mangrove
 60972 | Zig:16   | Paralysed by a hornet for 2 turns
 61044 | Zig:16   | Found the +10 tower shield of Ignorance {rN+ Int-4}
 61077 | Zig:16   | Got the Atlas of the Autopsy and the Chill
 61088 | Zig:17   | Entered Level 17 of a ziggurat
 61098 | Zig:17   | Noticed a shard shrike
 61100 | Zig:17   | Noticed a shard shrike
 61102 | Zig:17   | Killed a shard shrike
 61104 | Zig:17   | Killed from afar by a frost giant (44 damage)
                  | ... with a bolt of cold
 61107 | Zig:17   | Killed a shard shrike
 61107 | Zig:17   | Noticed a shard shrike
 61107 | Zig:17   | HP: 10/207 [ice dragon/blast of cold (28)]
 61108 | Zig:17   | Reached skill level 1 in Necromancy
 61108 | Zig:17   | Reached skill level 1 in Poison Magic
 61108 | Zig:17   | Noticed a shard shrike
 61108 | Zig:17   | HP: 1/207 [blizzard demon/the air (10)]
 61109 | Zig:17   | Reached skill level 1 in Conjurations
 61109 | Zig:17   | Reached skill level 1 in Hexes
 61111 | Zig:17   | Killed from afar by a white draconian knight (7 damage)
                  | ... with a blast of cold
 61115 | Zig:17   | Killed a shard shrike
 61118 | Zig:17   | Received a gift from Okawaru
 61119 | Zig:17   | Reached skill level 1 in Spellcasting
 61120 | Zig:17   | Killed a shard shrike
 61123 | Zig:17   | HP: 9/207 [something/bolt of cold (24)]
 61123 | Zig:17   | Killed from afar by a frost giant (37 damage)
                  | ... with a bolt of cold
 61128 | Zig:17   | HP: 4/207 [frost giant/bolt of cold (21)]
 61129 | Zig:17   | Killed from afar by a frost giant (33 damage)
                  | ... with a bolt of cold
 61137 | Zig:17   | HP: 10/207 [something/bolt of cold (46)]
 61138 | Zig:17   | Mangled by a frost giant
                  | ... wielding a +1 battleaxe of freezing
                  | (22 damage)
 61184 | Zig:17   | Identified the +2 swamp dragon scales of Uwuen {rPois
                  | Slay+2}
 61193 | Zig:17   | Identified the staff of air "Huqoth" {+Blink rElec Int+2
                  | Dex+2 SInv}
 61210 | Zig:18   | Entered Level 18 of a ziggurat
 61223 | Zig:18   | Noticed an ancient lich
 61224 | Zig:18   | Noticed an ancient lich
 61225 | Zig:18   | Noticed an ancient lich
 61230 | Zig:18   | Paralysed by a floating eye for 4 turns
 61232 | Zig:18   | Noticed a dread lich
 61234 | Zig:18   | Noticed a dread lich
 61241 | Zig:18   | Killed from afar by a tengu reaver (74 damage)
                  | ... with a bolt of cold
 61244 | Zig:18   | Killed an ancient lich
 61247 | Zig:18   | Killed from afar by a frost giant (34 damage)
                  | ... with a bolt of cold
 61249 | Zig:18   | Killed an ancient lich
 61255 | Zig:18   | Killed a dread lich
 61256 | Zig:18   | Killed an ancient lich
 61262 | Zig:18   | Killed a dread lich
 61263 | Zig:18   | Reached skill level 5 in Conjurations
 61263 | Zig:18   | Reached skill level 5 in Hexes
 61263 | Zig:18   | Reached skill level 5 in Necromancy
 61263 | Zig:18   | Reached skill level 5 in Poison Magic
 61621 | Zig:18   | Identified the +4 battleaxe of Trauma {heavy, rPois rCorr
                  | Int+3 SInv}
 61622 | Zig:18   | Identified the +1 scimitar of the Beginning {pain, Dex+3}
 61637 | Zig:19   | Entered Level 19 of a ziggurat
 61649 | Zig:19   | Noticed a dread lich
 61668 | Zig:19   | HP: 7/207 [Hell Sentinel[a dread lich] (4)]
 61669 | Zig:19   | Slain by a salamander mystic
                  | ... wielding a +0 quarterstaff
                  | (8 damage)
 61680 | Zig:19   | HP: 4/207 [something (13)]
 61680 | Zig:19   | Slain by a salamander
                  | ... wielding a +3 halberd
                  | (4 damage)
 61687 | Zig:19   | HP: 8/207 [guardian serpent (3)]
 61688 | Zig:19   | HP: 2/207 [Brimstone Fiend[a dread lich] (4)]
 61689 | Zig:19   | Slain by a nagaraja
                  | ... wielding a +0 spear
                  | (4 damage)
 61694 | Zig:19   | Killed from afar by a Hell Sentinel (30 damage)
                  | ... with an iron shot
                  | ... summoned by a dread lich
 61699 | Zig:19   | Received a gift from Okawaru
 61703 | Zig:19   | Killed from afar by a golden dragon (37 damage)
                  | ... with a bolt of cold
                  | ... summoned by a demonspawn corrupter
 61707 | Zig:19   | Demolished by a balrug
                  | ... wielding a +0 demon whip
                  | ... summoned by a dread lich
                  | (28 damage)
 61716 | Zig:19   | HP: 7/205 [??? (7)]
 61716 | Zig:19   | Killed by divine providence
                  | ... invoked by a balrug
                  | ... summoned by a dread lich
                  | (15 damage)
 61719 | Zig:19   | Gained mutation: Your body sometimes deteriorates upon
                  | taking damage. [a cacodemon]
 61728 | Zig:19   | Paralysed by accursed screaming for 1 turns
 61746 | Zig:19   | Annihilated by a juggernaut skeleton (48 damage)
                  | ... summoned by a curse skull
 61753 | Zig:19   | Killed a dread lich
 61784 | Zig:19   | HP: 7/207 [??? (6)]
 61800 | Zig:19   | HP: 5/207 [jiangshi[a curse skull] (19)]
 61802 | Zig:19   | Slain by a jiangshi (10 damage)
                  | ... summoned by a curse skull
 61813 | Zig:19   | HP: 6/207 [shadow dragon skeleton[a curse skull] (6)]
 61820 | Zig:19   | HP: 7/207 [??? (7)]
 61821 | Zig:19   | Killed by vampiric draining
                  | ... invoked by a vampire
                  | ... summoned by a curse skull
                  | (8 damage)
 61833 | Zig:19   | HP: 6/207 [??? (6)]
 61850 | Zig:20   | Entered Level 20 of a ziggurat
 61925 | Zig:20   | Paralysed by accursed screaming for 1 turns
 61928 | Zig:20   | Paralysed by accursed screaming for 2 turns
 61929 | Zig:20   | HP: 5/161 [starcursed mass/accursed screaming (19)]
 61930 | Zig:20   | Killed from afar by a starcursed mass (9 damage)
                  | ... with an accursed screaming
                  | ... while paralysed by accursed screaming
 61942 | Zig:20   | Paralysed by accursed screaming for 2 turns
 61946 | Zig:20   | Gained mutation: Potions are less effective at restoring
                  | your health. [a cacodemon]
 61948 | Zig:20   | Blown up by a cacodemon (18 damage)
                  | ... with a bolt of energy
 61950 | Zig:20   | Paralysed by accursed screaming for 2 turns
 61983 | Zig:20   | HP: 8/207 [ancient zyme (10)]
 61985 | Zig:20   | Killed from afar by a starcursed mass (13 damage)
                  | ... with an accursed screaming
 61985 | Zig:20   | Paralysed by accursed screaming for 2 turns
 62044 | Zig:20   | HP: 3/165 [smoke demon/divine providence (12)]
 62047 | Zig:20   | Splashed by an acid blob's acid (4 damage)
 62345 | Zig:20   | Identified the amulet "Ontev" {Reflect MP+9 Str-3 SH+5
                  | Stlth+}
 62352 | Zig:20   | Identified the ring "Kyrast" {rElec rC- Will+ Str+5}
 62353 | Zig:20   | Identified the +1 plate armour "Worarug" {rC++}
 62356 | Zig:20   | Identified the amulet of Altruism {Spirit rPois rN+ Slay+5}
 62367 | Zig:20   | Identified the ring of the Stag {rC+ Dex+2}
 62376 | Zig:20   | Identified the +6 spear "Aqehulet" {speed, Will+}
 62386 | Zig:20   | Identified the +9 shortbow of Collusion {heavy, rElec}
 62390 | Zig:21   | Entered Level 21 of a ziggurat
 62428 | Zig:21   | Reached skill level 5 in Spellcasting
 62428 | Zig:21   | HP: 10/207 [naga warrior/+0 scimitar (8)]
 62428 | Zig:21   | HP: 4/207 [constriction (6)]
 62428 | Zig:21   | Annihilated by a salamander tyrant (31 damage)
 62439 | Zig:21   | Mangled by a nagaraja
                  | ... wielding a +0 flail
                  | (40 damage)
 62457 | Zig:21   | HP: 10/207 [constriction (2)]
 62458 | Zig:21   | Slain by a nagaraja
                  | ... wielding a +0 spear
                  | (8 damage)
 62880 | Zig:21   | Identified the +6 broad axe "Gool Lio" {heavy, Str+2}
 62884 | Zig:21   | Identified the +4 short sword of Moral Flaws {flame, rPois}
 62903 | Zig:21   | Identified the +3 robe of Shielding {rF+ rN+ Archmagi}
 62909 | Zig:21   | Identified the +6 spear of Ewnet {freeze, rN+}
 62910 | Zig:21   | Identified the amulet of Peman {Acrobat Rampage *Slow rCorr
                  | SInv}
 62925 | Zig:22   | Entered Level 22 of a ziggurat
 62941 | Zig:22   | Noticed an orb of fire
 62941 | Zig:22   | Noticed an orb of fire
 62943 | Zig:22   | Gained mutation: Armour fits poorly on your strangely
                  | shaped body. [an orb of fire]
 62947 | Zig:22   | HP: 5/207 [orb of fire/bolt of fire (57)]
 62948 | Zig:22   | Killed from afar by an orb of fire (15 damage)
                  | ... with a bolt of fire
 62952 | Zig:22   | Killed from afar by an orb of fire (52 damage)
                  | ... with a fireball
 62957 | Zig:22   | Gained mutation: You occasionally lose the ability to drink
                  | potions when taking damage. [an orb of fire]
 62958 | Zig:22   | HP: 2/207 [balrug/bolt of fire (31)]
 62962 | Zig:22   | Gained mutation: You are occasionally teleported next to
                  | monsters. [an orb of fire]
 62962 | Zig:22   | Killed by divine providence
                  | ... invoked by a balrug
                  | (13 damage)
 62962 | Zig:22   | Noticed an orb of fire
 62967 | Zig:22   | Gained mutation: You are vulnerable to heat. (rF-) [an orb
                  | of fire]
 62968 | Zig:22   | Noticed an orb of fire
 62968 | Zig:22   | Gained mutation: You are partially covered in iridescent
                  | scales. (AC +2) [an orb of fire]
 62969 | Zig:22   | Killed from afar by an orb of fire (134 damage)
                  | ... with a fireball
 62970 | Zig:22   | Gained mutation: Your body often deteriorates upon taking
                  | damage. [an orb of fire]
 62971 | Zig:22   | Killed an orb of fire
 62972 | Zig:22   | Killed an orb of fire
 62975 | Zig:22   | Killed from afar by an orb of fire (68 damage)
                  | ... with a fireball
 62975 | Zig:22   | HP: 2/207 [orb of fire/fireball (136)]
 62976 | Zig:22   | Killed from afar by an orb of fire (120 damage)
                  | ... with a fireball
 62977 | Zig:22   | Killed from afar by an orb of fire (104 damage)
                  | ... with a bolt of fire
 62978 | Zig:22   | Gained mutation: You are vulnerable to cold. (rC-) [an orb
                  | of fire]
 62978 | Zig:22   | Noticed an orb of fire
 62979 | Zig:22   | Noticed an orb of fire
 62980 | Zig:22   | Noticed an orb of fire
 62981 | Zig:22   | Engulfed by a fire crab's flame (19 damage)
 62982 | Zig:22   | Killed from afar by a fire giant (69 damage)
                  | ... with a fireball
 62984 | Zig:22   | Killed from afar by an orb of fire (68 damage)
                  | ... with a fireball
 62985 | Zig:22   | Received a gift from Okawaru
 62986 | Zig:22   | Killed from afar by an orb of fire (72 damage)
                  | ... with a fireball
 62986 | Zig:22   | Killed from afar by a fire giant (69 damage)
                  | ... with a bolt of fire
 62989 | Zig:22   | Killed from afar by an orb of fire (58 damage)
                  | ... with a fireball
 62989 | Zig:22   | HP: 9/207 [orb of fire/bolt of fire (3)]
 62989 | Zig:22   | Killed by divine providence
                  | ... invoked by a balrug
                  | (14 damage)
 62989 | Zig:22   | Gained mutation: Potions cannot restore your health. [an
                  | orb of fire]
 62991 | Zig:22   | Killed from afar by an orb of fire (141 damage)
                  | ... with a fireball
 62991 | Zig:22   | Gained mutation: You have hidden genetic defects. [an orb
                  | of fire]
 62992 | Zig:22   | Gained mutation: You are very vulnerable to heat. (rF--)
                  | [an orb of fire]
 62994 | Zig:22   | Killed from afar by an orb of fire (130 damage)
                  | ... with a fireball
 62996 | Zig:22   | Killed from afar by an orb of fire (109 damage)
                  | ... with a fireball
 62997 | Zig:22   | Gained mutation: You sometimes lose the ability to drink
                  | potions when taking damage. [an orb of fire]
 62998 | Zig:22   | Gained mutation: You have terrible hidden genetic defects.
                  | [an orb of fire]
 62999 | Zig:22   | Killed from afar by an orb of fire (55 damage)
                  | ... with a fireball
 62999 | Zig:22   | Gained mutation: You are often teleported next to monsters.
                  | [an orb of fire]
 62999 | Zig:22   | Killed from afar by an orb of fire (194 damage)
                  | ... with a fireball
 63000 | Zig:22   | Gained mutation: Your magical capacity is low. (-10% MP)
                  | [an orb of fire]
 63000 | Zig:22   | Killed from afar by an orb of fire (76 damage)
                  | ... with a fireball
 63002 | Zig:22   | Gained mutation: Your spells are a little easier to cast,
                  | but a little less powerful. [an orb of fire]
 63002 | Zig:22   | Killed from afar by an orb of fire (140 damage)
                  | ... with a fireball
 63003 | Zig:22   | Gained mutation: You are dopey. (Int -2) [an orb of fire]
 63003 | Zig:22   | Killed from afar by an orb of fire (64 damage)
                  | ... with a bolt of fire
 63004 | Zig:22   | Killed from afar by an orb of fire (130 damage)
                  | ... with a fireball
 63004 | Zig:22   | Killed from afar by an efreet (32 damage)
                  | ... with a bolt of fire
 63005 | Zig:22   | HP: 10/207 [orb of fire/bolt of fire (68)]
 63006 | Zig:22   | Engulfed by a fire crab's flame (15 damage)
 63007 | Zig:22   | Killed from afar by an orb of fire (36 damage)
                  | ... with a fireball
 63009 | Zig:22   | Killed from afar by an orb of fire (116 damage)
                  | ... with a fireball
 63010 | Zig:22   | Killed from afar by an orb of fire (82 damage)
                  | ... with a fireball
 63013 | Zig:22   | Killed from afar by an orb of fire (30 damage)
                  | ... with a fireball
 63014 | Zig:22   | Gained mutation: You occasionally lose the ability to read
                  | scrolls when taking damage. [an orb of fire]
 63014 | Zig:22   | Gained mutation: You are extremely vulnerable to heat.
                  | (rF---) [an orb of fire]
 63014 | Zig:22   | Killed from afar by an orb of fire (80 damage)
                  | ... with a fireball
 63016 | Zig:22   | Killed from afar by an orb of fire (91 damage)
                  | ... with a bolt of fire
 63016 | Zig:22   | Gained mutation: You are frail. (-10% HP) [an orb of fire]
 63018 | Zig:22   | HP: 3/186 [fire crab] (16)]
 63018 | Zig:22   | Gained mutation: You are very frail. (-20% HP) [an orb of
                  | fire]
 63018 | Zig:22   | Killed by divine providence
                  | ... invoked by a balrug
                  | (19 damage)
 63019 | Zig:22   | Killed from afar by an orb of fire (129 damage)
                  | ... with a bolt of fire
 63020 | Zig:22   | Gained mutation: Your spells are easier to cast, but less
                  | powerful. [an orb of fire]
 63020 | Zig:22   | Killed from afar by an efreet (22 damage)
                  | ... with a bolt of fire
 63021 | Zig:22   | Gained mutation: Your spells are much easier to cast, but
                  | much less powerful. [an orb of fire]
 63021 | Zig:22   | Gained mutation: You occasionally shout uncontrollably at
                  | your foes. [an orb of fire]
 63022 | Zig:22   | Reached skill level 10 in Hexes
 63022 | Zig:22   | Killed from afar by an orb of fire (76 damage)
                  | ... with a bolt of fire
 63023 | Zig:22   | Killed from afar by an orb of fire (44 damage)
                  | ... with a fireball
 63024 | Zig:22   | Gained mutation: You frequently scream uncontrollably at
                  | your foes. [an orb of fire]
 63025 | Zig:22   | Killed from afar by an orb of fire (152 damage)
                  | ... with a fireball
 63026 | Zig:22   | Killed from afar by an orb of fire (72 damage)
                  | ... with a bolt of fire
 63026 | Zig:22   | Killed from afar by an orb of fire (188 damage)
                  | ... with a fireball
 63027 | Zig:22   | Gained mutation: You are weak. (Str -2) [an orb of fire]
 63028 | Zig:22   | Killed from afar by an orb of fire (64 damage)
                  | ... with a fireball
 63028 | Zig:22   | Killed from afar by an orb of fire (91 damage)
                  | ... with a fireball
 63030 | Zig:22   | HP: 8/165 [fire crab] (27)]
 63030 | Zig:22   | Killed from afar by an orb of fire (123 damage)
                  | ... with a bolt of fire
 63032 | Zig:22   | Killed from afar by an orb of fire (108 damage)
                  | ... with a fireball
 63034 | Zig:22   | Lost intelligence.
 63034 | Zig:22   | Gained mutation: You are very dopey. (Int -4) [an orb of
                  | fire]
 63035 | Zig:22   | Killed from afar by an orb of fire (62 damage)
                  | ... with a fireball
                  | ... while paralysed
 63036 | Zig:22   | Killed from afar by an orb of fire (120 damage)
                  | ... with a bolt of fire
                  | ... while paralysed
 63036 | Zig:22   | Killed from afar by an orb of fire (105 damage)
                  | ... with a fireball
                  | ... while paralysed
 63036 | Zig:22   | Gained mutation: You are very vulnerable to cold. (rC--)
                  | [an orb of fire]
 63037 | Zig:22   | HP: 8/165 [orb of fire/fireball (147)]
 63037 | Zig:22   | Killed from afar by an orb of fire (68 damage)
                  | ... with a bolt of fire
                  | ... while paralysed
 63038 | Zig:22   | Gained mutation: You sometimes lose your temper in combat.
                  | [an orb of fire]
 63038 | Zig:22   | Gained mutation: Your magical capacity is very low. (-20%
                  | MP) [an orb of fire]
 63039 | Zig:22   | Killed from afar by an orb of fire (134 damage)
                  | ... with a fireball
 63040 | Zig:22   | Killed from afar by an orb of fire (75 damage)
                  | ... with a bolt of fire
 63042 | Zig:22   | Killed from afar by an orb of fire (43 damage)
                  | ... with a bolt of fire
 63042 | Zig:22   | Killed from afar by an orb of fire (133 damage)
                  | ... with a fireball
 63043 | Zig:22   | Killed from afar by an orb of fire (170 damage)
                  | ... with a fireball
 63043 | Zig:22   | Gained mutation: You sometimes lose the ability to read
                  | scrolls when taking damage. [an orb of fire]
 63044 | Zig:22   | Killed from afar by an orb of fire (64 damage)
                  | ... with a fireball
 63044 | Zig:22   | Gained mutation: You are extremely frail. (-30% HP) [an orb
                  | of fire]
 63045 | Zig:22   | Killed from afar by an orb of fire (97 damage)
                  | ... with a fireball
 63045 | Zig:22   | Killed from afar by an orb of fire (126 damage)
                  | ... with a fireball
 63046 | Zig:22   | Killed from afar by an orb of fire (154 damage)
                  | ... with a fireball
 63046 | Zig:22   | Killed from afar by an orb of fire (30 damage)
                  | ... with a bolt of fire
 63047 | Zig:22   | Killed from afar by an orb of fire (55 damage)
                  | ... with a bolt of fire
 63048 | Zig:22   | Killed from afar by an orb of fire (39 damage)
                  | ... with a bolt of fire
 63049 | Zig:22   | Killed from afar by an orb of fire (94 damage)
                  | ... with a fireball
 63049 | Zig:22   | Gained mutation: You have an uncontrollable temper. [an orb
                  | of fire]
 63050 | Zig:22   | Killed from afar by an orb of fire (162 damage)
                  | ... with a fireball
 63051 | Zig:22   | Gained mutation: You do not regenerate when monsters are
                  | visible. [an orb of fire]
 63051 | Zig:22   | Killed from afar by an orb of fire (170 damage)
                  | ... with a fireball
 63052 | Zig:22   | Killed from afar by an orb of fire (62 damage)
                  | ... with a bolt of fire
 63053 | Zig:22   | HP: 1/144 [orb of fire/fireball (136)]
 63053 | Zig:22   | Killed from afar by an orb of fire (58 damage)
                  | ... with a bolt of fire
 63053 | Zig:22   | Gained mutation: Your magical capacity is extremely low.
                  | (-30% MP) [an orb of fire]
 63054 | Zig:22   | Killed from afar by an orb of fire (94 damage)
                  | ... with a bolt of fire
 63054 | Zig:22   | Lost mutation: You sometimes lose the ability to read
                  | scrolls when taking damage. [an orb of fire]
 63054 | Zig:22   | Gained mutation: You are extremely vulnerable to cold.
                  | (rC---) [an orb of fire]
 63055 | Zig:22   | Killed from afar by an orb of fire (129 damage)
                  | ... with a fireball
 63055 | Zig:22   | Gained mutation: You are very weak. (Str -4) [an orb of
                  | fire]
 63056 | Zig:22   | Killed from afar by an orb of fire (134 damage)
                  | ... with a fireball
 63056 | Zig:22   | Gained mutation: You are clumsy. (Dex -2) [an orb of fire]
 63056 | Zig:22   | Gained mutation: You sometimes lose the ability to read
                  | scrolls when taking damage. [an orb of fire]
 63057 | Zig:22   | Lost dexterity.
 63057 | Zig:22   | Gained mutation: You are very clumsy. (Dex -4) [an orb of
                  | fire]
 63057 | Zig:22   | Killed from afar by an orb of fire (120 damage)
                  | ... with a fireball
                  | ... while paralysed
 63057 | Zig:22   | Killed from afar by an orb of fire (165 damage)
                  | ... with a bolt of fire
                  | ... while paralysed
 63060 | Zig:22   | Killed from afar by an orb of fire (129 damage)
                  | ... with a fireball
 63061 | Zig:22   | Killed from afar by an orb of fire (102 damage)
                  | ... with a fireball
 63063 | Zig:22   | Killed from afar by an orb of fire (94 damage)
                  | ... with a bolt of fire
 63064 | Zig:22   | Killed from afar by an orb of fire (86 damage)
                  | ... with a bolt of fire
 63065 | Zig:22   | HP: 1/144 [orb of fire/fireball (37)]
 63066 | Zig:22   | Killed from afar by an orb of fire (62 damage)
                  | ... with a bolt of fire
 63067 | Zig:22   | Killed from afar by an orb of fire (76 damage)
                  | ... with a fireball
 63067 | Zig:22   | Killed from afar by an orb of fire (86 damage)
                  | ... with a fireball
 63068 | Zig:22   | Killed from afar by an orb of fire (97 damage)
                  | ... with a bolt of fire
 63069 | Zig:22   | Killed from afar by an orb of fire (61 damage)
                  | ... with a fireball
 63069 | Zig:22   | Killed from afar by an orb of fire (129 damage)
                  | ... with a bolt of fire
 63070 | Zig:22   | Killed from afar by an orb of fire (134 damage)
                  | ... with a fireball
 63071 | Zig:22   | Killed from afar by an orb of fire (148 damage)
                  | ... with a bolt of fire
 63071 | Zig:22   | Killed from afar by an orb of fire (138 damage)
                  | ... with a fireball
 63072 | Zig:22   | Killed from afar by an orb of fire (183 damage)
                  | ... with a fireball
 63073 | Zig:22   | Killed from afar by an orb of fire (75 damage)
                  | ... with a bolt of fire
 63073 | Zig:22   | Killed from afar by an orb of fire (104 damage)
                  | ... with a bolt of fire
 63073 | Zig:22   | Killed from afar by an orb of fire (130 damage)
                  | ... with a fireball
 63074 | Zig:22   | Lost mutation: You are extremely frail. (-30% HP) [an orb
                  | of fire]
 63074 | Zig:22   | Killed from afar by an orb of fire (100 damage)
                  | ... with a bolt of fire
 63074 | Zig:22   | HP: 5/165 [orb of fire/bolt of fire (82)]
 63074 | Zig:22   | Lost strength.
 63074 | Zig:22   | Annihilated by a balrug
                  | ... wielding a +1 demon whip of electrocution
                  | (46 damage)
                  | ... while paralysed
 63074 | Zig:22   | Killed from afar by an orb of fire (116 damage)
                  | ... with a bolt of fire
                  | ... while paralysed
 63075 | Zig:22   | Killed from afar by an orb of fire (147 damage)
                  | ... with a fireball
                  | ... while paralysed
 63076 | Zig:22   | Killed from afar by an orb of fire (165 damage)
                  | ... with a fireball
                  | ... while paralysed
 63076 | Zig:22   | Killed from afar by an orb of fire (120 damage)
                  | ... with a bolt of fire
                  | ... while paralysed
 63077 | Zig:22   | Gained mutation: You are extremely frail. (-30% HP) [an orb
                  | of fire]
 63078 | Zig:22   | Killed from afar by an orb of fire (86 damage)
                  | ... with a bolt of fire
 63078 | Zig:22   | Killed from afar by an orb of fire (145 damage)
                  | ... with a fireball
 63079 | Zig:22   | Quit the game

Illustrated notes

Levels and vault maps discovered:
D:1:      lightli_arrival_lavapool, layout_loops_corners,
          shapermc_ecumenical_altar_mp_vishouse, feat_on_display
D:2:      layout_loops_corners, uniq_crazy_yiuf_cottage
D:3:      minmay_diamond_boxcup, layout_loops_ring, zin_purify, serial_shops,
          shop
D:4:      layout_loops_cross, uniq_grinder, uniq_blork_the_orc
D:5:      layout_loops_ring, temple_hall
D:6:      layout_cave_pools, minmay_overflow_temple_hex,
          gammafunk_temple_overflow_wave, nicolae_shop_self_help, uniq_sigmund
D:7:      layout_rooms, uniq_duvessa
D:8:      cheibrodos_grave_circle, layout_rooms,
          lemuel_mausoleum_altar_kikubaaqudgha
D:9:      layout_irregular_city, uniq_amaemon, uniq_psyche, uniq_harold
D:10:     cheibrodos_helix_gallery, layout_basic, old_standard_altar,
          ebering_ghost_rock_garden, uniq_fannar
D:11:     layout_stronghold, david_lair_shrubbed, serial_undead,
          serial_undead_e, serial_undead_f, serial_undead_c, serial_undead_d,
          gauntlet_entry_generic, dreamdust_wishing_well
D:12:     layout_irregular_city, erik_orc_2, trog_antimagical
D:13:     layout_stronghold
D:14:     layout_gridville, erik_vaults_1, minmay_misc_feat_tower,
          chequers_big_river, kennysheep_potato
D:15:     grunt_enter_depths_hoard, layout_cave_pools, minmay_misc_feat_doors,
          yredelemnul_altar_generic
Temple:   hellmonk_temple_divided_pantheon
Lair:1:   layout_gridlike, grunt_megastairs_3
Lair:2:   layout_regular_city, portal_ice_cave_entry_pillars_1,
          minmay_stone_trees_small, minmay_shattered_shrine,
          serial_bayou_shore_a
Lair:3:   layout_chaotic_city, minmay_shoals_entry_beasts,
          guppyfry_snake_entry_island
Lair:4:   layout_big_grid, dpeg_slime_entry_corner, st_stairs_8,
          grunt_megastairs_2
Lair:5:   minmay_lair_end_frog_pond, layout_small_grid, uniq_josephine
Shoals:1: layout_shoals, serial_shops, nicolae_shop_hallway_stairs,
          nicolae_shoals_shepherds
Shoals:2: layout_shoals, nicolae_shoals_nautilus_by_nature
Shoals:3: layout_shoals
Shoals:4: shoals_end_hellmonk_lost_city
Snake:1:  layout_honeycomb, uniq_aizul
Snake:2:  layout_layer_cave, nicolae_snake_shapes, uniq_frances, uniq_jorgrun
Snake:3:  layout_grid_shapes, serial_shops, nicolae_shop_trees,
          serial_bayou_shore_b, grunt_megastairs_1, nicolae_triple_integral,
          uniq_vashnia, uniq_mlioglotl
Snake:4:  hellmonk_snake_rune_quicksilver_temple, layout_cave_shapes,
          nicolae_snake_snakes_in_the_grass, minmay_shop_star
Orc:1:    layout_caves, serial_shops, nicolae_shop_getting_attention,
          nicolae_orc_stony_grotto, abandoned_shop, uniq_snorg, uniq_erica
Orc:2:    pf_orc_diabolical, layout_caves, basic_altar
Vaults:1: nicolae_vaults_yaktaur_gun_rack, ontoclasm_vaults_gateway,
          v_pattern_3, ontoclasm_vaults_shuriken, v_alt_pattern_3,
          vaults_room_corners, layout_vaults_omnigrid, trove_entry_hex_spiral,
          uniq_asterion
Vaults:2: hangedman_vaults_hat, vaults_standard_mumra_enter_the_diamond,
          vaults_room_door_hall, hangedman_vaults_stretched_pinwheel, v_misc_31,
          nicolae_vaults_diagonal_hallway_8, nicolae_vaults_little_squares_1,
          nicolae_vaults_arrows, v_pattern_4, nicolae_vaults_little_squares_6,
          vaults_dpeg_emergency_exit, ontoclasm_vaults_shout,
          nicolae_vaults_rhombus_7, layout_vaults_omnicross, uniq_nikola
Vaults:3: v_misc_2, v_misc_1, vaults_room_glass_cross,
          minmay_crypt_entry_simple_plaza, ontoclasm_vaults_fault,
          vaults_standard_mumra_x, nicolae_vaults_little_ls,
          vaults_room_door_ring, nicolae_vaults_windows_and_doors_thing,
          vaults_room_fours, vaults_room_grid, layout_vaults_ring, serial_shops,
          nicolae_shop_trees, nicolae_shop_stone, nicolae_shop_hallway_stairs,
          nicolae_shop_window_shopping, shop
Vaults:4: portal_desolation_entry_ruin, v_misc_26, ontoclasm_vaults_bender,
          dpeg_vaults_waves, vaults_room_grid, v_misc_4,
          hangedman_vaults_cutoff, nicolae_vaults_little_squares_3,
          nicolae_vaults_little_squares_5, vaults_room_large_hall,
          nicolae_vaults_border_crossing, layout_vaults_big_room, serial_shops,
          shop, uniq_donald, uniq_margery
Vaults:5
Crypt:1:  layout_chaotic_city, minivault_11, minmay_guarded_unrand_skullcrusher,
          grunt_crypt_arrival_split
Crypt:2:  layout_catacombs, weyrava_vampire_temple, uniq_khufu
Crypt:3:  david_glass_crypt, layout_basic,
          nicolae_tomb_entry_unfolded_pyramid_diagonal, st_stairs_2,
          nicolae_crypt_cryptocurrency, uniq_zenata, uniq_grunn
Tomb:1
Tomb:2
Tomb:3
Depths:1: layout_forbidden_donut, pf_hell_entry_tar_river,
          ploomutoo_gammafunk_ghost_potion_laboratory,
          minmay_misc_feat_ornament, dk_noncrumbling_4, grunt_tough_drop
Depths:2: minmay_tile_spiral, layout_basic, abyss_entry, hangedman_coc_ice_floe,
          rand_demon_pan_entry_5, minmay_staircase_statues, uniq_enchantress
Depths:3: minmay_the_grid_square_5x5_4x4_mashed
          [minmay_the_grid_square_5x5_sharp_hourglass,
          minmay_the_grid_square_5x5_almost_minimal,
          minmay_the_grid_square_5x5_inner_i,
          minmay_the_grid_square_5x5_inner_v,
          minmay_the_grid_square_5x5_six_small,
          minmay_the_grid_square_5x5_prize_pseudospiral,
          minmay_the_grid_square_5x5_prize_snowflake,
          minmay_the_grid_square_5x5_two_walls_a,
          minmay_the_grid_square_5x5_gyroscope,
          minmay_the_grid_square_5x5_prize_itemx,
          minmay_the_grid_square_5x5_prize_gold, minmay_the_grid_square_5x5_two,
          minmay_the_grid_square_5x5_six,
          minmay_the_grid_square_5x5_spiral_small,
          minmay_the_grid_square_5x5_checkered_statues,
          minmay_the_grid_square_5x5_shrine1], layout_honeycomb,
          enter_ziggurat_e, serial_sigils_hangedman_scratch, abyss_entry,
          hell_entry, rand_demon_pan_entry_7, minmay_misc_feat_columns,
          corexii_hall_statues_deadend, nicolae_dithmenos_the_darkroom
Zig:22

Skill      XL: |  1  2  3  4  5  6  7  8  9 10 11 12 13 14 15 16 17 18 19 20 21 22 23 24 25 26 27 |
---------------+----------------------------------------------------------------------------------+-----
Axes           | 3 4 6 7 9 10 12 13 14 16 17 18 19 20 | 20.6
Fighting       | 4 5 6 7 8 9 10 11 12 13 14 15 | 15.1
Armour         | 4 5 6 8 9 10 11 12 13 14 15 16 17 18 19 20 21 26 | 26.5
Shields        | 4 5 6 8 9 10 11 12 13 15 18 19 21 23 24 26 27 | 27.0
Dodging        | 3 4 5 6 7 8 9 |  9.3
Polearms       | 3 5 8 10 12 14 15 16 17 18 21 | 21.8
Long Blades    | 5 7 |  7.0
Staves         | 3 6 8 9 11 12 13 15 | 15.6
Invocations    | 2 4 6 7 8 9 10 14 | 14.1
Necromancy     | 9 |  9.9
Poison Magic   | 9 |  9.9
Conjurations   | 9 |  9.9
Hexes          | 10 | 10.1
Spellcasting   | 6 |  6.3

Action                     |  1- 3 |  4- 6 |  7- 9 | 10-12 | 13-15 | 16-18 | 19-21 | 22-24 | 25-27 || total
---------------------------+-------+-------+-------+-------+-------+-------+-------+-------+-------++-------
  Melee: War axe           |    99 |    95 |   288 |   495 |       |       |    15 |   359 |  1576 ||  2927
         Trident           |       |       |       |    45 |       |       |    35 |   729 |  1200 ||  2009
         Executioner's axe |       |       |       |    27 |   562 |   635 |       |       |       ||  1224
         Demon trident     |       |       |       |       |       |    72 |  1028 |    66 |       ||  1166
         Demon blade       |       |       |       |       |       |       |   486 |       |       ||   486
         Spear             |       |       |       |       |       |       |   347 |   203 |       ||   550
         Morningstar       |       |       |       |       |       |       |       |       |    16 ||    16
  Throw: Throwing net      |       |       |       |     4 |     2 |       |       |       |       ||     6
  Evoke: Lightning rod     |       |       |       |       |       |       |       |       |     2 ||     2
         Wand              |       |       |       |       |       |       |       |       |     3 ||     3
         Piece from Xom's  |       |       |       |       |       |       |       |       |     2 ||     2
    Use: Scroll            |     2 |     6 |     5 |     5 |     4 |     2 |     3 |    23 |    24 ||    74
   Stab: Distracted        |       |       |       |       |       |       |     8 |     3 |     3 ||    14
         Sleeping          |       |       |       |       |       |       |       |     2 |     6 ||     8
         Confused          |       |       |       |       |       |       |       |       |     2 ||     2
         Paralysed         |       |       |       |       |       |       |       |       |     2 ||     2
         Petrified         |       |       |       |       |       |       |       |       |     1 ||     1
 Armour: Scale mail        |    50 |    17 |       |       |       |       |       |       |       ||    67
         Chain mail        |       |    55 |   316 |   187 |       |       |       |       |       ||   558
         Plate armour      |       |       |       |   365 |  1266 |  1190 |   902 |    23 |       ||  3746
         Crystal plate arm |       |       |       |       |       |       |       |   347 |  1006 ||  1353
         Shadow dragon sca |       |       |       |       |       |       |       |   330 |   931 ||  1261
         Gold dragon scale |       |       |       |       |       |       |       |       |   417 ||   417
  Dodge: Dodged            |    37 |    39 |   157 |   201 |   555 |   983 |   749 |   795 |  2283 ||  5799
  Block: Buckler           |    27 |    24 |   105 |    67 |       |       |       |       |       ||   223
         Kite shield       |       |       |       |   372 |       |    61 |  1958 |  1678 |  4726 ||  8795

Table legend: (Time is in decaauts)
 A = Elapsed time spent in this place.
 B = Non-inter-level travel time spent in this place.
 C = Inter-level travel time spent in this place.
 D = Time resting spent in this place.
 E = Time spent auto-exploring this place.
 F = Levels seen in this place.
 G = Mean time per level.
                   A        B        C        D        E       F      G
               +--------+--------+--------+--------+--------+-----+--------+
         Total |  63291 |  60764 |   2527 |  14033 |  29019 |  69 |  917.3 |
       Dungeon |  14684 |  14076 |    608 |    670 |  10525 |  15 |  978.9 |
        Temple |     61 |     61 |      0 |      0 |      0 |   1 |   61.0 |
          Lair |   6412 |   6237 |    175 |   1125 |   3601 |   5 | 1282.4 |
        Shoals |   4804 |   4578 |    226 |    881 |   1912 |   4 | 1201.0 |
     Snake Pit |   5798 |   5507 |    291 |    681 |   3255 |   4 | 1449.5 |
  Orcish Mines |   1515 |   1439 |     76 |    377 |    692 |   2 |  757.5 |
        Vaults |  10248 |   9777 |    471 |   2476 |   4551 |   5 | 2049.6 |
         Crypt |   4817 |   4576 |    241 |   1577 |   1882 |   3 | 1605.7 |
          Tomb |   5593 |   5262 |    331 |   2353 |    820 |   3 | 1864.3 |
        Depths |   3753 |   3647 |    106 |    740 |   1688 |   3 | 1251.0 |
      Ziggurat |   5120 |   5120 |      0 |   3152 |     60 |  22 |  232.7 |
         Trove |    126 |    126 |      0 |      0 |     10 |   1 |  126.0 |
      Gauntlet |    354 |    354 |      0 |      0 |     21 |   1 |  354.0 |
               +--------+--------+--------+--------+--------+-----+--------+

Top non-repeatable levels by time:
Vaults:2: 3304 daAuts
  Tomb:1: 2920 daAuts
Vaults:3: 2129 daAuts
Vaults:5: 2000 daAuts
 Crypt:1: 1963 daAuts
 Crypt:3: 1801 daAuts
  Lair:5: 1709 daAuts
  Tomb:3: 1610 daAuts
  Lair:2: 1592 daAuts
 Snake:3: 1577 daAuts
 Snake:2: 1561 daAuts
Vaults:1: 1553 daAuts
    D:10: 1529 daAuts
 Snake:1: 1489 daAuts
Depths:1: 1486 daAuts
